 Dungeon Crawl Stone Soup version 0.31.0-32-g396128a36d (webtiles) character file.

Game seed: 629285062645135913

13126752 brilapsti the Invulnerable (level 27, 273/273 HPs)
             Began as a Minotaur Fighter on Apr 4, 2024.
             Was the Champion of Okawaru.
             Escaped with the Orb
             ... and 15 runes
             ... and 1 gem on Apr 15, 2024!
             The game lasted 05:15:03 (123473 turns).

brilapsti the Invulnerable (Minotaur Fighter)     Turns: 123473, Time: 05:15:04

Health: 273/273    AC: 46    Str: 31    XL:     27
Magic:  41/41      EV: 28    Int:  7    God:    Okawaru [******]
Gold:   10136      SH: 21    Dex: 21    Spells: 2/26 levels left

rFire   + + +        b - +9 broad axe (heavy) {axe}
rCold   + + +        S - +2 shield of Resistance {rF++ rC++ Will++}
rNeg    + + +        z - +6 gold dragon scales {rare}
rPois   ∞            R - +3 hat "Rounnik" {Slay+2}
rElec   +            c - +1 cloak of Starlight {*Dazzle EV+4 Stlth--}
rCorr   +            D - +2 pair of gloves {infuse}
SInv    +            x - +1 pair of boots {rampage}
Will    +++++        U - amulet "Paghoxu" {Will+ Regen+ rCorr} Stlth
                     Y - ring "Deness" {^Drain rC+ Will+++ rCorr Slay+6}
HPRegen 1.45/turn    F - ring of Donnyno {rElec rPois rF+ rC++ MP+9}
MPRegen 0.27/turn

%: rampage, infuse magic (1 MP)
@: death-form, studying 2 skills
A: vile attack, torment immunity, no potions, horns 2, retaliatory headbutt
0: Orb of Zot
}: 15/15 runes: decaying, slimy, silver, golden, iron, obsidian, icy, bone,
abyssal, demonic, glowing, magical, fiery, dark, gossamer
a: Siphon Essence, Begin Untransformation, Renounce Religion, Heroism, Finesse,
Duel


You escaped.
You worshipped Okawaru.
Okawaru was exalted by your worship.
You were an undying horror.
You visited 18 branches of the dungeon, and saw 88 of its levels.
You visited Pandemonium 1 time, and saw 15 of its levels.
You visited the Abyss 1 time.
You visited 1 bazaar.
You also visited: Ossuary.

You collected 18854 gold pieces.
You spent 8718 gold pieces at shops.


Innate Abilities, Weirdness & Mutations

You are an undying horror.
Your melee and unarmed attacks drain, slow and weaken victims.
You are immune to unholy pain and torment.
You cannot drink.
You are immune to poison.
You have a pair of horns on your head.
You reflexively headbutt those who attack you in melee.


   Skills:
 O Level 27 Fighting
 - Level 18.0 Axes
 - Level 16.0 Throwing
 O Level 27 Armour
 O Level 27 Dodging
 + Level 18.4 Stealth
 O Level 27 Shields
 - Level 15.0 Translocations
 - Level 15.0 Air Magic
 - Level 14.0 Invocations
 * Level 24.8 Evocations
 - Level 23.0 Shapeshifting


You had 2 spell levels left.
You knew the following spells:

 Your Spells              Type           Power      Damage    Failure   Level
a - Apportation           Tloc           42%        N/A       1%          1
b - Blink                 Tloc           42%        N/A       1%          2
c - Vhi's Electric Charg  Tloc/Air       42%        N/A       4%          4
d - Leda's Liquefaction   Alch/Erth      0%         N/A       100%        4
l - Lesser Beckoning      Tloc           42%        N/A       1%          2
m - Manifold Assault      Tloc           21%        N/A       4%          4
p - Passage of Golubria   Tloc           21%        N/A       4%          4
s - Swiftness             Air            21%        N/A       1%          3

Your spell library contained the following spells:

 Spells                   Type           Power      Damage    Failure   Level
 Shock                    Conj/Air       40%        1d5       11%         1
 Mercury Vapours          Alch/Air       20%        N/A       16%         2
 Momentum Strike          Conj/Tloc      20%        3d8       16%         2
 Static Discharge         Conj/Air       20%        3-4/arc   16%         2
 Foxfire                  Conj/Fire      0%         2x1d4     93%         1
 Freeze                   Ice            0%         1d3       93%         1
 Kiss of Death            Conj/Necr      0%         2d5       93%         1
 Magic Dart               Conj           0%         1d3       93%         1
 Necrotise                Necr           0%         1d4       93%         1
 Sandblast                Erth           0%         2d4       93%         1
 Slow                     Hex            0%         N/A       93%         1
 Sting                    Conj/Alch      0%         1d3       93%         1
 Ensorcelled Hibernation  Hex/Ice        0%         N/A       98%         2
 Jinxbite                 Hex            0%         N/A       98%         2
 Searing Ray              Conj           0%         2d4       98%         2
 Sublimation of Blood     Necr           0%         N/A       98%         2
 Gell's Gravitas          Tloc           21%        N/A       1%          3
 Teleport Other           Tloc           21%        N/A       1%          3
 Airstrike                Air            10%        2d(2-18)  4%          4
 Volatile Blastmotes      Fire/Tloc      20%        2d11      32%         3
 Dispersal                Tloc           10%        N/A       58%         6
 Mephitic Cloud           Conj/Alch/Air  7%         N/A       65%         3
 Arcjolt                  Conj/Air       5%         1d15      96%         5
 Silence                  Hex/Air        5%         N/A       96%         5
 Confusing Touch          Hex            0%         N/A       100%        3
 Dazzling Flash           Conj/Hex       0%         N/A       100%        3
 Frozen Ramparts          Ice            0%         1d1       100%        3
 Hailstorm                Conj/Ice       0%         3d5       100%        3
 Inner Flame              Hex/Fire       0%         N/A       100%        3
 Passwall                 Erth           0%         N/A       100%        3
 Sigil of Binding         Hex            0%         N/A       100%        3
 Stone Arrow              Conj/Erth      0%         3d7       100%        3
 Vampiric Draining        Necr           0%         2d6       100%        3
 Anguish                  Hex/Necr       0%         N/A       100%        4
 Brom's Barrelling Bould  Conj/Erth      0%         2d3       100%        4
 Cause Fear               Hex            0%         N/A       100%        4
 Dispel Undead            Necr           0%         3d6       100%        4
 Flame Wave               Conj/Fire      0%         2d4       100%        4
 Fulminant Prism          Conj/Alch      0%         3d5       100%        4
 Ignite Poison            Fire/Alch      0%         N/A       100%        4
 Olgreb's Toxic Radiance  Alch           0%         N/A       100%        4
 Petrify                  Alch/Erth      0%         N/A       100%        4
 Sticky Flame             Fire/Alch      0%         2d4       100%        4
 Borgnjor's Vile Clutch   Necr/Erth      0%         N/A       100%        5
 Curse of Agony           Necr           0%         N/A       100%        5
 Fireball                 Conj/Fire      0%         3d3       100%        5
 Freezing Cloud           Conj/Ice/Air   3%         6-21      100%        5
 Irradiate                Conj/Alch      0%         3d11      100%        5
 Iskenderun's Battlesphe  Conj           0%         2d6       100%        5
 Lee's Rapid Deconstruct  Erth           0%         3d4*      100%        5
 Metabolic Englaciation   Hex/Ice        0%         N/A       100%        5
 Yara's Violent Unravell  Hex/Alch       0%         3d3       100%        5
 Bombard                  Conj/Erth      0%         9d1       100%        6
 Conjure Ball Lightning   Conj/Air       5%         3x3d6     100%        6
 Eringya's Noxious Bog    Alch           0%         4d6       100%        6
 Plasma Beam              Fire/Air       5%         2x1d15    100%        6
 Starburst                Conj/Fire      0%         6d3       100%        6
 Enfeeble                 Hex            0%         N/A       100%        7
 Orb of Destruction       Conj           0%         9d5       100%        7
 Ozocubu's Refrigeration  Ice            0%         4d7       100%        7
 Discord                  Hex            0%         N/A       100%        8
 Disjunction              Tloc           10%        N/A       100%        8
 Ignition                 Fire           0%         3d3       100%        8
 Lehudib's Crystal Spear  Conj/Erth      0%         10d2      100%        8
 Maxwell's Capacitive Co  Air            10%        ∞         100%        8
 Chain Lightning          Conj/Air       5%         3d6       100%        9
 Fire Storm               Conj/Fire      0%         5d1       100%        9
 Polar Vortex             Ice            0%         N/A       100%        9
 Shatter                  Erth           0%         3d5*      100%        9
 Summon Small Mammal      Summ           Unusable   N/A       N/A         1
 Call Imp                 Summ           Unusable   N/A       N/A         2
 Summon Lightning Spire   Summ/Air       Unusable   N/A       N/A         4
 Summon Forest            Summ/Tloc      Unusable   N/A       N/A         5
 Call Canine Familiar     Summ           Unusable   N/A       N/A         3
 Summon Ice Beast         Ice/Summ       Unusable   N/A       N/A         3
 Tukima's Dance           Hex            Unusable   N/A       N/A         3
 Animate Armour           Summ/Erth      Unusable   N/A       N/A         4
 Animate Dead             Necr           Unusable   N/A       N/A         4
 Martyr's Knell           Necr/Summ      Unusable   N/A       N/A         4
 Summon Blazeheart Golem  Fire/Summ      Unusable   N/A       N/A         4
 Death Channel            Necr           Unusable   N/A       N/A         6
 Sculpt Simulacrum        Ice/Alch       Unusable   N/A       N/A         6
 Summon Cactus Giant      Summ           Unusable   N/A       N/A         6
 Malign Gateway           Summ/Tloc      Unusable   N/A       N/A         7
 Spellforged Servitor     Conj/Summ      Unusable   N/A       N/A         7
 Summon Hydra             Summ           Unusable   N/A       N/A         7
 Summon Horrible Things   Summ           Unusable   N/A       N/A         8

Inventory:

Hand Weapons
 a - a +9 broad axe of flaming {axe}
   (You took it off a hell knight on level 1 of the Depths)
 b - a +9 heavy broad axe (weapon) {axe}
   (You took it off a death knight on level 2 of the Vaults)
 i - the +8 storm bow {elec, penet}
   (You found it on level 7 of Tartarus)
 j - the +13 sceptre of Asmodeus
   (You took it off Asmodeus on level 7 of Gehenna)

   Fire Summon: It may summon demons of flame and damnation when striking foes.
Missiles
 f - 7 atropa-tipped darts {throwing}
 m - 52 javelins (quivered) {throwing}
 q - 4 throwing nets {=f!fthrowing}
 s - 3 datura-tipped darts {throwing}
 t - 14 darts of dispersal {=f!fthrowing}
 Q - 38 silver javelins {throwing}
Armour
 c - the +1 cloak of Starlight (worn) {*Dazzle EV+4 Stlth--}
   (Okawaru gifted it to you on level 3 of the Lair of Beasts)

   *Dazzle:   It may blind those who miss an attack against the wearer in melee
   combat.
   EV+4:      It affects your evasion (+4).
   Stlth--:   It makes you much less stealthy.
 o - the orb of Dispater {+Damnation *Corrode AC+5}
   (You took it off Dispater on level 7 of the Iron City of Dis)

   +Damnation: It grants the ability to hurl damnation at the cost of health and
   magic, with strength depending on Evocations skill.
   AC+5:      It affects your AC (+5).
   *Corrode:  It may corrode you when you take damage.
 x - a +1 pair of boots of rampaging (worn)
   (You found it on level 3 of the Tomb of the Ancients)
 z - +6 gold dragon scales (worn) {rare}
   (You found it on level 3 of the Depths)
 D - a +2 pair of gloves of infusion (worn)
   (You bought it in a shop on level 2 of the Orcish Mines)
 R - the +3 hat "Rounnik" (worn) {Slay+2}
   (You found it on level 3 of the Realm of Zot)

   Slay+2:    It affects your accuracy & damage with ranged weapons and melee
   (+2).
 S - the +2 shield of Resistance (worn) {rF++ rC++ Will++}
   (You found it on level 5 of the Vaults)

   rF++:      It greatly protects you from fire.
   rC++:      It greatly protects you from cold.
   Will++:    It greatly increases your willpower.
 W - the +0 cloak of a Labyrinth {rPois rF+ rN+}
   (You found it in Pandemonium)

   rF+:       It protects you from fire.
   rPois:     It protects you from poison rN+: It protects you from negative
   energy.
 X - a +2 pair of boots of flying
   (You found it on level 15 of the Dungeon)
Magical Staves
 d - the staff "brilapsti's Doom" {rElec rPois rF+ Dex+2 Fire, !astaff}
   (You found it on level 7 of Tartarus)

   [staff of fire]

   Base accuracy: +5 Base damage: 5 Base attack delay: 1.2 This weapon's minimum
   attack delay (0.6) is reached at skill level 12.
   Dex+2:     It affects your dexterity (+2).
   rF+:       It protects you from fire.
   rElec:     It insulates you from electricity.
   rPois:     It protects you from poison Fire: It increases the power of your
   Fire spells.
   It falls into the 'Staves' category.
   It is a one-handed weapon.
 H - the staff "Heikhlo" {rN+ Str+3 Necro Earth, !astaff}
   (You found it on level 3 of the Tomb of the Ancients)

   [staff of earth]

   Base accuracy: +5 Base damage: 5 Base attack delay: 1.2 This weapon's minimum
   attack delay (0.6) is reached at skill level 12.
   Str+3:     It affects your strength (+3).
   rN+:       It protects you from negative energy.
   Necro:     It increases the power of your Necromancy spells.
   Earth:     It increases the power of your Earth spells.
   It falls into the 'Staves' category.
   It is a one-handed weapon.
Jewellery
 n - the ring of Iqiadion {rF++ rC+ MP+9 Str-4 Stlth-}
   (You took it off a deep elf sorcerer on level 3 of the Elven Halls)

   [ring of magical power]

   Str-4:     It affects your strength (-4).
   rF++:      It greatly protects you from fire.
   rC+:       It protects you from cold.
   MP+9:      It affects your magic capacity (+9).
   Stlth-:    It makes you less stealthy.
 E - the ring of Ucvergh {rF- Will+ Int+6 Slay+6}
   (You found it on level 2 of the Depths)

   [ring of intelligence]

   Int+6:     It affects your intelligence (+6).
   Slay+6:    It affects your accuracy & damage with ranged weapons and melee
   (+6).
   rF-:       It makes you vulnerable to fire.
   Will+:     It increases your willpower.
 F - the ring of Donnyno (right hand) {rElec rPois rF+ rC++ MP+9}
   (You found it on level 3 of the Realm of Zot)

   [ring of protection from fire]

   rF+:       It protects you from fire.
   rC++:      It greatly protects you from cold.
   rElec:     It insulates you from electricity.
   rPois:     It protects you from poison MP+9: It affects your magic capacity
   (+9).
 U - the amulet "Paghoxu" (around neck) {Will+ Regen+ rCorr}
   (You found it in Pandemonium)

   [amulet of regeneration]

   Will+:     It increases your willpower.
   Regen+:    It increases your rate of health regeneration.
   rCorr:     It protects you from acid and corrosion.
 Y - the ring "Deness" (left hand) {^Drain rC+ Will+++ rCorr Slay+6}
   (You found it on level 5 of the Pits of Slime)

   [ring of protection from cold]

   Slay+6:    It affects your accuracy & damage with ranged weapons and melee
   (+6).
   rC+:       It protects you from cold.
   Will+++:   It greatly increases your willpower.
   rCorr:     It protects you from acid and corrosion.
   ^Drain:    It drains your maximum health when unequipped.
Talismans
 T - the death talisman "Soecw" (active) {Will+ Dex+9 SInv}
   (You bought it in a shop on level 11 of the Dungeon)

   [talisman of death]

   Dex+9:     It affects your dexterity (+9).
   Will+:     It increases your willpower.
   SInv:      It lets you see invisible.
Wands
 y - a wand of roots (86)
   (You took it off Ijyb on level 5 of the Dungeon)
 A - a wand of mindburst (96)
   (You found it on level 5 of the Dungeon)
 M - a wand of digging (19)
   (You found it on level 10 of the Dungeon)
 N - a wand of acid (35)
   (You found it on level 10 of the Dungeon)
 O - a wand of flame (220)
   (You found it on level 11 of the Dungeon)
 Z - a wand of polymorph (47)
   (You found it on level 4 of the Swamp)
Scrolls
 g - 11 scrolls of immolation {!r!r}
 h - 17 scrolls of fog
 k - 35 scrolls of teleportation {@r4}
 l - a scroll of revelation
 u - 4 scrolls of silence {!r}
 C - 13 scrolls of blinking {!r}
 G - 12 scrolls of fear
 I - 11 scrolls of vulnerability {!r!r}
 L - 6 scrolls of torment {!r}
 P - 14 scrolls of poison {!r}
Miscellaneous
 e - the horn of Geryon
   (You took it off Geryon in the Vestibule of Hell)
 p - a lightning rod (4/4)
   (You found it on level 5 of the Vaults)
 w - a phantom mirror
   (You found it on level 5 of the Vaults)
 B - a figurine of a ziggurat
 V - a phial of floods
   (You found it on level 3 of the Lair of Beasts)

Dungeon Overview and Level Annotations

Branches:
Dungeon (15/15)            Temple (1/1) D:5            Lair (5/5) D:9
  Swamp (4/4) Lair:3       Spider (4/4) Lair:3        Slime (5/5) Lair:4
    Orc (2/2) D:9             Elf (3/3) Orc:2        Vaults (5/5) D:14
  Crypt (3/3) Vaults:2       Tomb (3/3) Crypt:3      Depths (4/4) D:15
   Hell (visited)             Dis (7/7) Hell            Geh (7/7) Hell
    Coc (7/7) Hell            Tar (7/7) Hell            Zot (5/5) Depths:4
Ossuary (visited)

Altars:
Ashenzari
Cheibriados
Dithmenos
Elyvilon
Fedhas
Gozag
Hepliaklqana
Kikubaaqudgha
Makhleb
Nemelex Xobeh
Okawaru
Qazlal
Ru
Sif Muna
Trog
Uskayaw
Vehumet
Wu Jian
Xom
Yredelemnul
Zin
The Shining One
Jiyva

Shops:
D:5 :   D:11 **   Orc:2 ([!*   Elf:1 :   Elf:2 *(=[(   Elf:3 ?   Vaults:1 (
Vaults:4 [[!(:   Depths:3 [

Portals:
Hell: Lair:5 Depths:1 Depths:2 Depths:3 Depths:4
Abyss: Depths:1 Depths:3
Pandemonium: Depths:1 Depths:2
Ziggurat: Depths:2
Trove: D:13 (give 7 potions of haste)

....###.# #.#.# ....#
#.###.#.###################
....#
#.#.#........##............
###.#
#...###.####.##.###########
#.# #.#..>..# #.##.# #.#
#.#.#.######.##.######## #.#
#.#.#§|....#.##.#......# #.#
#.#.#.§)..>#.##.#.####.# #.#
#.#.#§.§..z#.##.#.####.# #.#
#...#......#.#..#.#....# #.#
#####.######.#.##.#.####### #
#.# #.#....#.#.#...........
###.# #.#.##.#.#....#.#######
....#######.#.##.#.##.....#
............#.#..#.....#######
#############)#.#####........#
# #.#.............##


There were no monsters in sight!


Message History

😕 HP[+2]
You regained 2 hp, and now have 244/273 hp.
You chop the Orb Guardian into pieces!!!
You kill the Orb Guardian!
Okawaru accepts your kill. 😕 HP[+1] MP[-1]
You lost 1 mp, and now have 35/41 mp.
What level of the Dungeon? (default 1, ? - help)
There is an open door here.
There is a stone staircase leading down here.
There is a stone staircase leading up here.
You climb upwards.
There is a stone staircase leading down here.
You see here a +0 sling.
There is an open door here.
There is a stone staircase leading up here.
You climb upwards.
There is a stone staircase leading down here.
There is a stone staircase leading up here.
You climb upwards.
There is a stone staircase leading down here.
There is a stone staircase leading up here.
You climb upwards.
There is a stone staircase leading down here.
There is a stone staircase leading up here.
You climb upwards.
There is a stone staircase leading down here.
There is a stone staircase leading up here.
You climb upwards.
There is a stone staircase leading down here.
A red devil comes into view.
It is wielding a +0 trident. 😎 HP[+28] MP[+6]
Your hp is fully restored (273).
Your mp is fully restored (41).
You block the red devil's attack.
You hit the red devil.
The red devil decays. 😎 MP[-1]
You lost 1 mp, and now have 40/41 mp.
You open the red devil like a pillowcase!!!!
You kill the red devil!
Okawaru accepts your kill. 😎 MP[-1]
You lost 1 mp, and now have 39/41 mp.
No target in view!
What level of the Dungeon? (default 1, ? - help)
You see here a +0 trident {polearm}.
There is a stone staircase leading up here.
You climb upwards.
There is a stone staircase leading down here.
You see here a +0 club {mace}.
A shadow demon comes into view. 😎 MP[+2]
Your mp is fully restored (41).
You rampage towards the shadow demon!
You carve the shadow demon like a ham!!!!
You kill the shadow demon!
Okawaru accepts your kill. 😎 MP[-1]
You lost 1 mp, and now have 40/41 mp.
No target in view!
No target in view!
No target in view!
No target in view!
No target in view!
No target in view!
No target in view!
No target in view!
No target in view!
No target in view!
No target in view!
No target in view!
No target in view!
No target in view!
No target in view!
No target in view!
No target in view!
What level of the Dungeon? (default 1, ? - help)
There is a stone staircase leading up here.
You climb upwards.
There is a stone staircase leading down here.
You see here a +0 club {mace}.
There is a stone staircase leading up here.
You climb upwards.
There is a stone staircase leading down here.
There is a stone staircase leading up here.
You climb upwards.
There is a stone staircase leading down here.
You open the door.
There is an open door here.
There is a stone staircase leading up here.
You climb upwards.
There is a stone staircase leading down here. 😎 MP[+1]
Your mp is fully restored (41).
What level of the Dungeon? (default 1, ? - help) You're already here!
Okay, then.
You see here a staff of fire {!astaff}.
You see here a +0 quarterstaff {staff}.
There is a staircase leading out of the dungeon here.
You have escaped!

Skill      XL: |  1  2  3  4  5  6  7  8  9 10 11 12 13 14 15 16 17 18 19 20 21 22 23 24 25 26 27 |
---------------+----------------------------------------------------------------------------------+-----
Axes           | 3 4 5 6 7 8 9 10 12 13 16 18 | 18.0
Fighting       | 4 5 6 7 8 9 11 12 13 14 15 17 18 19 27 | 27.0
Armour         | 4 6 7 8 10 11 12 13 14 15 16 18 20 22 27 | 27.0
Dodging        | 1 2 4 5 7 8 9 10 11 12 14 15 16 17 18 27 | 27.0
Shields        | 4 5 7 8 9 11 12 14 16 27 | 27.0
Invocations    | 3 4 6 7 8 12 14 | 14.0
Throwing       | 2 4 6 8 11 16 | 16.0
Shapeshifting  | 4 7 11 14 17 19 21 23 | 23.0
Translocations | 4 8 10 11 15 | 15.0
Air Magic      | 2 6 8 15 | 15.0
Evocations     | 24 | 24.8
Stealth        | 18 | 18.4

Action                     |  1- 3 |  4- 6 |  7- 9 | 10-12 | 13-15 | 16-18 | 19-21 | 22-24 | 25-27 || total
---------------------------+-------+-------+-------+-------+-------+-------+-------+-------+-------++-------
  Melee: War axe           |    60 |   145 |   355 |   565 |   322 |       |       |       |       ||  1447
         Headbutt          |     8 |    20 |    70 |   122 |   196 |   221 |   310 |   441 |  2442 ||  3830
         Morningstar       |       |       |       |     6 |    14 |       |       |       |       ||    20
         Unarmed           |       |       |       |     4 |       |       |       |       |       ||     4
         Battleaxe         |       |       |       |       |   500 |   880 |  1164 |   179 |       ||  2723
         Broad axe         |       |       |       |       |       |       |       |  1200 |  6790 ||  7990
  Throw: Javelin           |       |       |       |       |       |    53 |    13 |    14 |    25 ||   105
   Cast: Vhi's Electric Ch |       |       |       |       |       |       |       |       |    37 ||    37
         Apportation       |       |       |       |       |       |       |       |       |     4 ||     4
         Manifold Assault  |       |       |       |       |       |       |       |       |     1 ||     1
 Invoke: Heroism           |       |       |       |     9 |     9 |    14 |     9 |    10 |    10 ||    61
         Finesse           |       |       |       |     2 |     2 |     7 |     6 |     7 |    16 ||    40
         Receive Weapon    |       |       |       |       |     1 |       |       |       |       ||     1
         Receive Armour    |       |       |       |       |     1 |       |       |       |       ||     1
Ability: Siphon Essence    |       |       |       |       |       |       |       |     2 |       ||     2
  Evoke: Wand              |       |       |       |     1 |       |     1 |     2 |       |    18 ||    22
         Phial of floods   |       |       |       |       |       |       |       |       |     1 ||     1
    Use: Scroll            |       |     9 |     4 |     7 |     9 |     8 |     2 |    19 |    20 ||    78
         Potion            |       |       |       |     4 |     2 |     1 |     3 |     5 |       ||    15
   Stab: Invisible         |       |       |       |       |    16 |    36 |    54 |    29 |   102 ||   237
         Distracted        |       |       |       |       |       |       |     1 |       |     1 ||     2
         Sleeping          |       |       |       |       |       |       |       |       |     1 ||     1
 Armour: Scale mail        |    43 |    82 |    82 |       |       |       |       |       |       ||   207
         Plate armour      |       |       |   137 |   326 |   340 |       |       |       |       ||   803
         Skin              |       |       |       |     9 |       |       |       |       |       ||     9
         Chain mail        |       |       |       |       |   158 |   545 |   610 |   158 |       ||  1471
         Gold dragon scale |       |       |       |       |       |       |       |   524 |  2612 ||  3136
  Dodge: Dodged            |    25 |    52 |   112 |   150 |   553 |   981 |   896 |   599 |  3074 ||  6442
  Block: Buckler           |    13 |    55 |   149 |   274 |   191 |       |       |   407 |       ||  1089
         Reflection        |       |       |     5 |    10 |     4 |     3 |    22 |    11 |       ||    55
         Other             |       |       |       |     2 |    39 |   152 |   174 |    35 |       ||   402
         Kite shield       |       |       |       |       |       |       |       |    89 |  5000 ||  5089
   Form: Death             |       |       |       |       |       |       |       |     2 |       ||     2
                           |       |       |       |       |       |       |       |     1 |       ||     1

Levels and vault maps discovered:
D:1:      dpeg_arrival_fog, layout_basic, minmay_tromino_v4_c
D:2:      layout_basic, serial_undead, serial_undead_a, serial_undead_b,
          serial_undead_d, serial_undead_a, serial_undead_c, serial_undead_d
D:3:      layout_basic, amcnicky_altar_gilded
D:4:      layout_loops_cross, uniq_robin
D:5:      nicolae_cairo_tiling_large, layout_loops_corners, tgw_kikubaaqudgha,
          minmay_temple_entry_tees, enter_ossuary_5, nicolae_shop_self_help,
          uniq_ijyb
D:6:      layout_cave_pools, lemuel_doored_altar, nicolae_twisty_statue_hallways
D:7:      layout_basic, lemuel_round_altar, makhleb_grotto_becter, led_xom_imps
D:8:      layout_loops_ring, mainiacjoe_overflow_alcove_2,
          nicolae_ashenzari_skybound, nicolae_uskayaw_suspiria,
          nzn_ghost_randoct, abandoned_shop, uniq_maggie, uniq_grum
D:9:      layout_long_grid, lemuel_crystal_altar,
          mainiacjoe_overflow_cross_hatched, nicolae_overflow_quartered_altars,
          erik_lair_orcish_takeover, hiddenorc2_lemuel, special_room
          [special_room_bee]
D:10:     layout_loops_ring, ebering_ghost_gozag, hangedman_tell_no_tales,
          uniq_josephine
D:11:     layout_gridville, serial_shops, nicolae_shop_tiny_glass,
          kennysheep_pointless_box, nicolae_transmutations_shop, jiyva_altar_1
D:12:     layout_gridville, grunt_gozag_statues
D:13:     minmay_box_of_statues, layout_basic, enter_trove_0
D:14:     layout_roguey, david_vaults_5
D:15:     hangedman_depths_entry_civil_slaughter, layout_loops_cross,
          dreamdust_princess_corridor, minmay_misc_feat_ornament, tso_altar
Temple:   hellmonk_temple_beads
Lair:1:   layout_roguey, wad_woods_road_04, grunt_megastairs_5,
          serial_bayou_shore_b, lemuel_fruit_tree
Lair:2:   layout_loops_ring, st_stairs_11
Lair:3:   regret_index_harrowing_hell_hive, layout_cave_pods,
          minmay_swamp_entry_worms, hellmonk_spider_entry_life_and_decay,
          st_stairs_4, uniq_rupert
Lair:4:   gammafunk_indiana_jones, layout_small_grid,
          nicolae_slime_entry_slimehenge, uniq_kirke
Lair:5:   evil_forest, layout_regular_city, grunt_megastairs_3
Swamp:1:  layout_basic_swamp, infiniplex_staircase_pool, swamp_pool_1_2,
          nicolae_swamp_decorative_isthmus
Swamp:2:  layout_falls_marsh, evilmike_swamp_ruin_house_5, uniq_mlioglotl
Swamp:3:  layout_basic_swamp, evilmike_swamp_ruin_house_6
Swamp:4:  byrel_swamp_growth_death_and_undeath, layout_basic_swamp
Spider:1: layout_spider_delve
Spider:2: nicolae_spider_mines_1, spiders_nest_hornet_nest
Spider:3: layout_spider_delve
Spider:4: guppyfry_spider_rune
Slime:1:  layout_caves
Slime:2:  layout_caves, cheibrodos_slime_lost_civilization_5
Slime:3:  layout_caves
Slime:4:  layout_caves
Slime:5:  slime_pit_nicolae_jellycorners
Orc:1:    layout_diamond_mine
Orc:2:    st_orc_ogre_mass, layout_caves
Elf:1:    eino_elf_arrival_customs, layout_onion_city, minmay_elf_sorcery,
          nicolae_shop_i_like_big_books, minmay_misc_feat_pillars,
          serial_sigils_hangedman_shear, minmay_misc_feat_rows,
          minmay_misc_feat_columns, uniq_jorgrun
Elf:2:    nicolae_elf_blades_crystal_corner, layout_geoelf_octagon,
          serial_shops, shop, shop, shop, nicolae_shop_statue_plus, shop,
          nicolae_elevator_lobby_plus, uniq_agnes
Elf:3:    grunt_elf_hall_asides, layout_loops_cross, serial_shops, shop
Vaults:1: v_alt_pattern_3, v_misc_9, ontoclasm_vaults_decontamination,
          hangedman_vaults_capsules, vaults_room_corners,
          nicolae_vaults_closet_pinwheel_4,
          nicolae_vaults_taking_the_gang_shopping, nicolae_vaults_diamond_2,
          layout_vaults_omnigrid, uniq_norris
Vaults:2: blue_anna_dwarven_crypt, nicolae_vaults_octothorpe, kb_rosetta,
          nicolae_vaults_trapezoid_lopsided_4, hangedman_vaults_locks,
          nicolae_vaults_diamond_2, v_pattern_1, nicolae_vaults_border_crossing,
          nicolae_vaults_heart-shaped_vault, v_misc_10,
          nicolae_vaults_ring_of_whatevers, nicolae_vaults_trapezoid_lopsided_2,
          ontoclasm_vaults_eye, nicolae_vaults_two_Ls, v_misc_13,
          vaults_room_semicircle, nicolae_vaults_little_squares_1,
          layout_vaults_big_cross
Vaults:3: nicolae_vaults_offset_grid_hallway_3, nicolae_vaults_puzzle_piece,
          v_rooms_2, v_misc_24, vaults_room_pool,
          nicolae_vaults_closet_pinwheel_3, v_rooms_4, v_misc_26, v_misc_5,
          nicolae_vaults_specimen_jars, nicolae_vaults_diamond_1,
          nicolae_vaults_trapezoid_1, nicolae_vaults_surprise_closet_hard,
          layout_vaults_chaotic_city, uniq_sojobo
Vaults:4: vaults_standard_mumra_enter_the_diamond, nicolae_vaults_apartment_1,
          hangedman_vaults_trim, v_misc_26, nicolae_vaults_diamond_2,
          ontoclasm_vaults_pinch, st_squares, grunt_vaults_focal,
          vaults_room_hallway, vaults_dpeg_hooks,
          nicolae_vaults_more_shelving_2, nicolae_vaults_storage_room_water,
          layout_vaults_maze_bifur, serial_shops, nicolae_shop_crystal, shop,
          nicolae_shop_hallway_plus, nicolae_book_shop_shelving,
          nicolae_shop_statue_plus
Vaults:5
Crypt:1:  layout_misc_corridors, serial_sigils_hangedman_leer
Crypt:2:  layout_rooms, grunt_megastairs_2
Crypt:3:  grunt_crypt_end_deaths_head
Tomb:1
Tomb:2
Tomb:3
Depths:1: layout_roguey, hellmouth_3, hangedman_abyss_entry_splay,
          grunt_pan_entry_zigzag, minmay_misc_feat_roman, bloody_trog
Depths:2: minmay_the_grid_triangle_9x9_recursive_2
          [minmay_the_grid_triangle_9x9_prize_schism,
          minmay_the_grid_triangle_9x9_cache,
          minmay_the_grid_triangle_9x9_alien,
          minmay_the_grid_triangle_9x9_descending_squares], layout_gridville,
          enter_ziggurat_d, rand_demon_pan_entry_9, grunt_hell_entry_dis_old,
          nicolae_dithmenos_shadow_blocks, infiniplex_staircase_diamond,
          uniq_vv, uniq_josephina, uniq_mara
Depths:3: minmay_octo_star, layout_basic, pf_vacation_house_of_asmodeus,
          abyss_entry_small_statue_room, minmay_fountain_box, serial_shops,
          shop, uniq_margery
Depths:4: grunt_zot_entry_bicorn, layout_cave_pools, minmay_misc_feat_rugged,
          serial_shops, bzr_entry_islet, hell_entry, uniq_mennas
Hell
Dis:1:    layout_subdivisions
Dis:2:    layout_overlapping_boxes
Dis:3:    layout_overlapping_boxes
Dis:4:    layout_gridville, special_room [special_room_morgue],
          nicolae_dis_distal_crystal
Dis:5:    layout_subdivisions
Dis:6:    layout_jigsaw
Dis:7:    dis_hangedman
Geh:1:    layout_gehenna_pools_basic
Geh:2:    layout_gehenna_pools_box, nicolae_geh_amphitheater
Geh:3:    layout_gehenna_lava_caves
Geh:4:    layout_gehenna_pools_basic
Geh:5:    layout_gehenna_lava_caves
Geh:6:    layout_gehenna_pools_basic
Geh:7:    geh_old
Coc:1:    layout_cocytus_water_paths
Coc:2:    layout_cocytus_water_paths
Coc:3:    layout_cocytus_water_paths
Coc:4:    layout_cocytus_water_paths
Coc:5:    layout_ice_bergs
Coc:6:    layout_ice_bergs
Coc:7:    coc_old
Tar:1:    hangedman_restless_catacombs
Tar:2:    layout_honeycomb
Tar:3:    layout_catacombs
Tar:4:    layout_cathedral_of_symmetry
Tar:5:    layout_catacombs
Tar:6:    layout_honeycomb
Tar:7:    tar_old
Zot:1:    layout_basic, regret_index_zotdec_bone_old
Zot:2:    layout_misc_corridors, regret_index_zotdec_twisting_globes
Zot:3:    gammafunk_mikee_crab_dinner, layout_basic
Zot:4:    layout_concentric_octagons, hangedman_zot_gyre, st_stairs_11,
          regret_index_zotdec_abyssal_star_handed
Zot:5:    layout_gridlike, skrybe_zot_glass_3

Notes
Turn   | Place    | Note
-------+----------+-------------------------------------------
     0 | D:1      | brilapsti the Minotaur Fighter began the quest for the Orb.
     0 | D:1      | Reached XP level 1. HP: 19/19 MP: 0/0
     0 | D:1      | magus.rc [v1.9.6]
    63 | D:1      | magus.rc [v1.9.6]
   103 | D:1      | Reached skill level 3 in Axes
   332 | D:1      | Reached XP level 2. HP: 21/26 MP: 1/1
   806 | D:2      | Reached skill level 4 in Axes
   807 | D:2      | HP: 6/26 [gnoll/+0 spear (1)]
   809 | D:2      | Reached XP level 3. HP: 4/31 MP: 2/2
   817 | D:2      | HP: 4/31 [gnoll/+0 spear (2)]
   942 | D:2      | Reached skill level 5 in Axes
  1138 | D:2      | Reached XP level 4. HP: 39/39 MP: 3/3
  1225 | D:2      | You pick up a book of Blood and begin reading...
  1225 | D:2      | You add the spells Call Imp, Sublimation of Blood and
                  | Summon Hydra to your library.
  1936 | D:3      | Reached skill level 6 in Axes
  2013 | D:3      | Found an opulent altar of Gozag.
  2080 | D:3      | You pick up a book of Callings and begin reading...
  2080 | D:3      | You add the spells Summon Small Mammal, Call Canine
                  | Familiar and Summon Blazeheart Golem to your library.
  2120 | D:3      | Reached XP level 5. HP: 28/45 MP: 4/4
  2676 | D:4      | Noticed a phantom
  2681 | D:4      | Killed a phantom
  2682 | D:4      | Reached skill level 7 in Axes
  2686 | D:4      | Reached XP level 6. HP: 25/51 MP: 5/5
  2817 | D:4      | Identified a scroll of acquirement
  2831 | D:4      | Acquired the amulet "Aduclas" {Reflect rF+ Will+ SH+5 SInv
                  | Stlth+}
  2841 | D:4      | You pick up a book of Minor Magic and begin reading...
  2841 | D:4      | You add the spells Magic Dart and Blink to your library.
  2882 | D:4      | Reached skill level 8 in Axes
  2962 | D:4      | Noticed Robin
  2986 | D:4      | Killed Robin
  3014 | D:4      | You pick up a book of Geomancy and begin reading...
  3014 | D:4      | You add the spells Sandblast, Passwall, Stone Arrow and
                  | Brom's Barrelling Boulder to your library.
  3347 | D:4      | Reached skill level 4 in Fighting
  3347 | D:4      | Reached skill level 4 in Armour
  3347 | D:4      | Reached skill level 1 in Dodging
  3468 | D:5      | Entered Level 5 of the Dungeon
  3477 | D:5      | Reached skill level 4 in Shields
  3488 | D:5      | Reached XP level 7. HP: 18/59 MP: 6/6
  3490 | D:5      | HP: 11/59 [gnoll bouda/+0 whip (8)]
  3536 | D:5      | Found a sand-covered staircase.
  3540 | Ossuary  | Entered an ossuary
  3808 | Ossuary  | Reached skill level 2 in Dodging
  3812 | Ossuary  | Reached skill level 9 in Axes
  3895 | Ossuary  | Reached skill level 5 in Fighting
  3895 | Ossuary  | Reached XP level 8. HP: 60/68 MP: 7/7
  3902 | Ossuary  | Reached skill level 5 in Armour
  3997 | D:5      | magus.rc [v1.9.6]
  4013 | D:5      | Found an ancient bone altar of Kikubaaqudgha.
  4055 | D:5      | Found a staircase to the Ecumenical Temple.
  4062 | Temple   | Entered the Ecumenical Temple
  4101 | D:5      | Reached skill level 3 in Dodging
  4101 | D:5      | Reached skill level 5 in Shields
  4367 | D:5      | Found Dehu's Self-Improvement Boutique.
  4387 | D:5      | HP: 15/69 [gnoll sergeant/+1 vampiric spear (10)]
  4627 | D:5      | Reached skill level 10 in Axes
  5078 | D:5      | Noticed Ijyb
  5084 | D:5      | Killed Ijyb
  5788 | D:6      | Reached skill level 6 in Fighting
  6010 | D:6      | Reached skill level 6 in Armour
  6010 | D:6      | Reached skill level 4 in Dodging
  6010 | D:6      | Reached XP level 9. HP: 59/75 MP: 8/8
  6014 | D:6      | magus.rc [v1.9.6]
  6238 | D:6      | You pick up a book of the Warp and begin reading...
  6238 | D:6      | You add the spells Manifold Assault, Dispersal and
                  | Disjunction to your library.
  6377 | D:6      | Reached skill level 6 in Shields
  6388 | D:6      | Acquired a +0 pair of boots of flying
  6581 | D:6      | Found a glowing silver altar of Zin.
  6808 | D:7      | Reached skill level 11 in Axes
  6912 | D:7      | Found a shimmering altar of Xom.
  7092 | D:7      | Reached skill level 7 in Fighting
  7093 | D:7      | Reached skill level 5 in Dodging
  7102 | D:7      | Reached skill level 7 in Armour
  7193 | D:7      | Found a glowing golden altar of the Shining One.
  7238 | D:7      | Found a burning altar of Makhleb.
  7327 | D:7      | Identified the ring "Guum" {rElec Dex+3 Slay-3 SInv}
  7522 | D:8      | Found a broken altar of Ashenzari.
  7575 | D:8      | Reached skill level 7 in Shields
  7768 | D:8      | Noticed LordWeiramon's ghost (novice TrAE)
  7773 | D:8      | Found a transporter.
  7774 | D:8      | Noticed a troll
  7784 | D:8      | Found a transporter.
  7806 | D:8      | Reached skill level 12 in Axes
  7806 | D:8      | Reached XP level 10. HP: 70/86 MP: 9/9
  7814 | D:8      | Noticed Maggie
  7816 | D:8      | Noticed Grum
  8269 | D:8      | Killed Grum
  8323 | D:8      | Killed Maggie
  8577 | D:8      | Found an iron altar of Okawaru.
  8678 | D:8      | Found a hide-covered altar of Uskayaw.
  8698 | D:8      | Became a worshipper of Warmaster Okawaru
  8925 | D:9      | Found a staircase to the Lair.
  8937 | D:9      | Reached skill level 1 in Invocations
  8940 | D:9      | Reached skill level 6 in Dodging
  8940 | D:9      | Reached * piety under Okawaru
  9123 | D:9      | Reached skill level 8 in Fighting
  9128 | D:9      | Found a staircase to the Orcish Mines.
  9144 | D:9      | Reached skill level 8 in Armour
  9199 | D:9      | You pick up a book of Cantrips and begin reading...
  9199 | D:9      | You add the spells Sting, Necrotise and Apportation to your
                  | library.
  9310 | D:9      | Reached skill level 8 in Shields
  9372 | D:9      | Noticed a two-headed ogre
  9373 | D:9      | Found the +7 sceptre of Torment {pain, torment}
  9378 | D:9      | Killed a two-headed ogre
  9378 | D:9      | Reached ** piety under Okawaru
  9379 | D:9      | Reached skill level 13 in Axes
  9379 | D:9      | Reached skill level 2 in Invocations
  9410 | D:9      | Reached skill level 3 in Invocations
  9435 | D:9      | Reached skill level 7 in Dodging
  9435 | D:9      | HP: 22/88 [poisoned by a killer bee]
  9571 | D:9      | Reached XP level 11. HP: 61/94 MP: 12/12
  9760 | D:9      | Found a blossoming altar of Fedhas.
  9908 | D:9      | Found a white marble altar of Elyvilon.
  9922 | D:9      | Found a shadowy altar of Dithmenos.
  9960 | D:9      | Found an ornate altar of the Wu Jian Council.
  9976 | D:9      | Found a basalt altar of Yredelemnul.
 10011 | D:9      | Found a snail-covered altar of Cheibriados.
 10086 | D:9      | You pick up a book of the Senses and begin reading...
 10086 | D:9      | You add the spells Dazzling Flash, Mephitic Cloud, Curse of
                  | Agony and Silence to your library.
 10161 | D:10     | Entered Level 10 of the Dungeon
 10162 | D:10     | magus.rc [v1.9.6]
 10256 | D:10     | Noticed a two-headed ogre
 10264 | D:10     | Killed a two-headed ogre
 10264 | D:10     | Reached *** piety under Okawaru
 10265 | D:10     | Reached skill level 14 in Axes
 10265 | D:10     | Reached skill level 4 in Invocations
 10474 | D:10     | Found a runed translucent gate.
 10475 | D:10     | Found a runed translucent gate.
 10476 | D:10     | Found a runed translucent gate.
 10477 | D:10     | Found an opulent altar of Gozag.
 10478 | D:10     | Noticed flammie80's ghost (journeyman FoMo)
 10478 | D:10     | Noticed an ogre mage
 10478 | D:10     | Noticed a five-headed hydra
 10526 | D:10     | Noticed Josephine
 10539 | D:10     | Killed Josephine
 10560 | D:10     | Reached skill level 8 in Dodging
 11006 | D:10     | Noticed a two-headed ogre
 11011 | D:10     | Killed a two-headed ogre
 11011 | D:10     | Reached **** piety under Okawaru
 11012 | D:10     | Reached skill level 15 in Axes
 11366 | D:11     | Noticed a two-headed ogre
 11370 | D:11     | Killed a two-headed ogre
 11393 | D:11     | Noticed a red ugly thing
 11412 | D:11     | Killed a red ugly thing
 11413 | D:11     | Reached skill level 16 in Axes
 11435 | D:11     | Found Kimpusoe's Changing Room.
 11533 | D:11     | Identified the +0 quarterstaff of Geifam {freeze, Str+6}
 11702 | D:11     | Noticed a boulder beetle
 11705 | D:11     | Noticed a two-headed ogre
 11717 | D:11     | Killed a two-headed ogre
 11718 | D:11     | Reached skill level 1 in Throwing
 11733 | D:11     | Killed a boulder beetle
 11733 | D:11     | Reached ***** piety under Okawaru
 11963 | D:11     | Found Hemon's General Store.
 12115 | D:11     | Found a viscous altar of Jiyva.
 12206 | D:12     | Noticed a deep elf pyromancer
 12322 | Lair:1   | Entered Level 1 of the Lair of Beasts
 12490 | Lair:1   | Identified the +0 ring mail of Theory {Int+2}
 12534 | Lair:1   | Reached skill level 2 in Throwing
 12534 | Lair:1   | Reached XP level 12. HP: 89/103 MP: 14/14
 12594 | Lair:1   | Received a gift from Okawaru
 12621 | Lair:2   | magus.rc [v1.9.6]
 12792 | Lair:2   | You are sucked into a shaft and drop 2 floors!
 12792 | Lair:4   | Noticed Kirke
 12854 | Lair:4   | Killed Kirke
 12855 | Lair:4   | Reached skill level 5 in Invocations
 12944 | Lair:4   | You are sucked into a shaft and drop 1 floor!
 12944 | Lair:5   | Entered Level 5 of the Lair of Beasts
 12958 | Lair:5   | Reached skill level 3 in Throwing
 12958 | Lair:5   | Reached skill level 9 in Armour
 12964 | Lair:5   | Reached skill level 9 in Fighting
 12967 | Lair:5   | Reached skill level 9 in Shields
 13095 | Lair:5   | Reached skill level 9 in Dodging
 13158 | Lair:5   | Received a gift from Okawaru
 13159 | Lair:5   | Reached skill level 4 in Throwing
 13418 | Lair:5   | Reached skill level 6 in Invocations
 13559 | Lair:5   | Noticed a five-headed hydra
 13573 | Lair:5   | magus.rc [v1.9.6]
 13583 | Lair:5   | Killed a five-headed hydra
 13807 | Lair:5   | Found a burning altar of Makhleb.
 13840 | Lair:5   | Reached skill level 10 in Armour
 13840 | Lair:5   | Reached XP level 13. HP: 61/113 MP: 7/16
 13845 | Lair:5   | Reached skill level 10 in Fighting
 13854 | Lair:5   | Reached skill level 10 in Shields
 13860 | Lair:5   | Reached skill level 5 in Throwing
 13889 | Lair:5   | Found a gateway to Hell.
 13891 | Lair:5   | Got an earthy gem with 2439 turns to spare
 14378 | Lair:5   | Reached skill level 10 in Dodging
 14479 | Lair:5   | Received a gift from Okawaru
 14777 | Lair:5   | Reached skill level 7 in Invocations
 15331 | Lair:4   | Found a staircase to the Slime Pits.
 15332 | Lair:4   | Found a viscous altar of Jiyva.
 15391 | Lair:4   | Reached skill level 6 in Throwing
 15862 | Lair:4   | Received a gift from Okawaru
 16030 | Lair:4   | Reached skill level 11 in Armour
 16293 | Lair:4   | Found a runed translucent door.
 16311 | Lair:4   | Reached skill level 11 in Fighting
 16330 | Lair:4   | Found a runed translucent gate.
 16337 | Lair:4   | Found a runed translucent gate.
 16337 | Lair:4   | Identified the +8 whip of the Other Side {freeze, rN++
                  | Will+ Int-5 Stlth+}
 16340 | Lair:4   | Found a runed translucent gate.
 16340 | Lair:4   | Found a runed translucent gate.
 16340 | Lair:4   | Found a runed translucent gate.
 16341 | Lair:4   | Found a runed translucent gate.
 16371 | Lair:4   | Reached skill level 11 in Shields
 16493 | Lair:4   | Identified the ring "Taclir" {rPois Dex+6}
 16821 | Lair:3   | Reached XP level 14. HP: 104/124 MP: 18/18
 17001 | Lair:3   | Reached ****** piety under Okawaru
 17002 | Lair:3   | Acquired the +8 battleaxe "Violem" {flame, ^Fragile rF+
                  | Str+3 Dex+3}
 17002 | Lair:3   | Received a gift from Okawaru
 17189 | Lair:3   | Received a gift from Okawaru
 17400 | Lair:3   | Found a staircase to the Swamp.
 17407 | Lair:3   | Acquired the +1 cloak of Starlight {*Dazzle EV+4 Stlth--}
 17407 | Lair:3   | Received a gift from Okawaru
 17407 | Lair:3   | Found the +1 cloak of Starlight {*Dazzle EV+4 Stlth--}
 17510 | Lair:3   | Found a hole to the Spider Nest.
 17601 | Lair:3   | Reached skill level 17 in Axes
 17894 | Lair:3   | Noticed Rupert
 17906 | Lair:3   | Killed Rupert
 18052 | Lair:3   | Received a gift from Okawaru
 18059 | Lair:3   | Identified the storm talisman "Miatoeka" {+Blink rC- rN+
                  | Str+3}
 18563 | Lair:2   | Reached skill level 18 in Axes
 18566 | Lair:2   | Learned a level 1 spell: Apportation
 18581 | Lair:2   | Reached skill level 11 in Dodging
 18584 | Lair:2   | Learned a level 2 spell: Blink
 18615 | Lair:2   | Reached skill level 7 in Throwing
 18618 | Lair:2   | Reached skill level 8 in Invocations
 19584 | Orc:1    | Entered Level 1 of the Orcish Mines
 19783 | Orc:2    | Entered Level 2 of the Orcish Mines
 19835 | Orc:2    | Received a gift from Okawaru
 19846 | Orc:2    | Reached skill level 8 in Throwing
 19854 | Orc:2    | Reached skill level 12 in Armour
 19858 | Orc:2    | Reached skill level 12 in Fighting
 19858 | Orc:2    | Received a gift from Okawaru
 19859 | Orc:2    | Reached XP level 15. HP: 102/132 MP: 14/20
 19863 | Orc:2    | Found Loli's Antique Weapon Boutique.
 19863 | Orc:2    | Found Ifaehefa's Antique Armour Emporium.
 19866 | Orc:2    | Found Moawyac's Distillery.
 19866 | Orc:2    | Found Hogorode's Assorted Antiques.
 19871 | Orc:2    | Reached skill level 9 in Throwing
 19884 | Orc:2    | Bought a potion of curing for 48 gold pieces
 19884 | Orc:2    | Bought a potion of heal wounds for 80 gold pieces
 19884 | Orc:2    | Bought 2 potions of cancellation for 256 gold pieces
 19884 | Orc:2    | Bought a potion of curing for 48 gold pieces
 19885 | Orc:2    | Bought a purple potion for 17 gold pieces
 19887 | Orc:2    | Bought the +2 pair of slick slippers {slick, slippery,
                  | EV+4} for 513 gold pieces
 19887 | Orc:2    | Found the +2 pair of slick slippers {slick, slippery, EV+4}
 19902 | Orc:2    | Bought a pair of glowing gloves for 210 gold pieces
 19973 | Orc:2    | Reached skill level 9 in Invocations
 20262 | Orc:2    | Found a staircase to the Elven Halls.
 20635 | Orc:1    | Received a gift from Okawaru
 20817 | D:12     | Reached skill level 12 in Dodging
 20965 | D:12     | Found an opulent altar of Gozag.
 21358 | D:12     | Reached skill level 10 in Throwing
 22255 | D:13     | Received a gift from Okawaru
 22266 | D:13     | Reached skill level 11 in Throwing
 22266 | D:13     | Reached skill level 10 in Invocations
 22501 | D:13     | Identified the ring of Penin {Dex+2 Slay+4}
 22868 | D:13     | HP: 23/132 [skeletal warrior/+0 war axe (18)]
 22877 | D:13     | HP: 20/132 [skeletal warrior/+0 short sword (6)]
 23247 | D:13     | Found a portal to a secret trove of treasure.
 23750 | D:14     | Reached skill level 11 in Invocations
 23750 | D:14     | magus.rc [v1.9.6]
 24046 | D:14     | Received a gift from Okawaru
 24100 | D:14     | magus.rc [v1.9.6]
 24240 | D:14     | You fall into a shaft and drop 1 floor!
 24240 | D:15     | Entered Level 15 of the Dungeon
 24514 | D:15     | Found a staircase to the Depths.
 24577 | D:14     | Reached skill level 12 in Invocations
 24649 | D:14     | Received a gift from Okawaru
 24650 | D:14     | Reached XP level 16. HP: 137/139 MP: 9/24
 24786 | D:14     | Found a gate to the Vaults.
 24787 | D:14     | You pick up a book of Spectacle and begin reading...
 24787 | D:14     | You add the spells Volatile Blastmotes, Starburst and
                  | Maxwell's Capacitive Coupling to your library.
 25221 | D:15     | Reached skill level 13 in Invocations
 25579 | D:15     | Received a gift from Okawaru
 25875 | D:15     | Found a glowing golden altar of the Shining One.
 26208 | D:8      | Killed LordWeiramon's ghost
 26280 | D:8      | You pick up a book of Spatial Translocations and begin
                  | reading...
 26280 | D:8      | You add the spells Momentum Strike and Lesser Beckoning to
                  | your library.
 26373 | D:10     | Killed flammie80's ghost
 26377 | D:10     | Reached skill level 14 in Invocations
 26626 | Swamp:1  | Entered Level 1 of the Swamp
 26636 | Swamp:1  | Reached skill level 1 in Shapeshifting
 26638 | Swamp:1  | HP: 22/139 [spriggan rider/+0 spear (21)]
 27038 | Swamp:1  | Reached skill level 2 in Shapeshifting
 27305 | Swamp:1  | Received a gift from Okawaru
 27930 | Swamp:2  | Reached skill level 3 in Shapeshifting
 27945 | Swamp:2  | HP: 27/141 [bunyip (41)]
 28278 | Swamp:2  | Noticed Mlioglotl
 28287 | Swamp:2  | Killed Mlioglotl
 28658 | Swamp:2  | Reached skill level 4 in Shapeshifting
 29107 | Swamp:3  | Received a gift from Okawaru
 29108 | Swamp:3  | Reached skill level 13 in Armour
 29114 | Swamp:3  | Reached skill level 13 in Fighting
 29442 | Swamp:3  | HP: 24/143 [spore (38)]
 29443 | Swamp:3  | HP: 6/143 [acid (8)]
 29767 | Swamp:3  | Reached XP level 17. HP: 146/149 MP: 21/26
 29938 | Swamp:3  | Got Cerebov's Anthology of Outbursts
 29981 | Swamp:3  | Reached skill level 13 in Dodging
 29981 | Swamp:3  | Reached skill level 5 in Shapeshifting
 30089 | Swamp:4  | Entered Level 4 of the Swamp
 30742 | Swamp:4  | Received a gift from Okawaru
 30894 | Swamp:4  | Reached skill level 6 in Shapeshifting
 31331 | Swamp:4  | Received a gift from Okawaru
 31351 | Swamp:4  | Found a blossoming altar of Fedhas.
 31602 | Swamp:4  | Reached skill level 14 in Armour
 31638 | Swamp:4  | Got a decaying rune of Zot
 31658 | Swamp:4  | Found a basalt altar of Yredelemnul.
 31917 | Spider:1 | Entered Level 1 of the Spider Nest
 31928 | Spider:1 | Reached skill level 14 in Fighting
 31938 | Spider:1 | Reached skill level 7 in Shapeshifting
 31962 | Spider:1 | Received a gift from Okawaru
 32874 | Spider:1 | Reached skill level 14 in Dodging
 33663 | Spider:2 | Reached XP level 18. HP: 132/161 MP: 18/27
 33745 | Spider:2 | Identified the +1 leather armour "Joijifigg" {Str+2}
 34615 | Spider:3 | Received a gift from Okawaru
 34626 | Spider:3 | Reached skill level 8 in Shapeshifting
 36612 | Spider:3 | magus.rc [v1.9.6]
 36766 | Spider:4 | Entered Level 4 of the Spider Nest
 37086 | Spider:4 | Reached skill level 15 in Armour
 37093 | Spider:4 | Reached skill level 15 in Fighting
 37128 | Spider:4 | Reached skill level 9 in Shapeshifting
 37652 | Spider:4 | Reached skill level 15 in Dodging
 37673 | Spider:4 | Received a gift from Okawaru
 37675 | Spider:4 | Reached skill level 10 in Shapeshifting
 37970 | Spider:4 | Found the +3 hat of Pondering {ponderous, Will+ MP+10
                  | Int+5}
 38115 | Spider:4 | Got a gossamer rune of Zot
 38467 | Elf:1    | Entered Level 1 of the Elven Halls
 38573 | Elf:1    | Received a gift from Okawaru
 38684 | Elf:1    | Reached skill level 11 in Shapeshifting
 38914 | Elf:1    | You pick up a book of Ice and begin reading...
 38914 | Elf:1    | You add the spells Ozocubu's Refrigeration and Polar Vortex
                  | to your library.
 38967 | Elf:1    | Reached XP level 19. HP: 158/170 MP: 26/28
 39273 | Elf:1    | You add the spells Kiss of Death and Shock to your library.
 39273 | Elf:1    | Got Fimobogh's Quarto of Bombardment
 39340 | Elf:1    | Found Tammaubol's Tremendous Tomes.
 39382 | Elf:1    | Noticed Jorgrun
 39393 | Elf:1    | Killed Jorgrun
 39555 | Elf:1    | Received a gift from Okawaru
 39858 | Elf:1    | You pick up a book of Ice and begin reading...
 40005 | Elf:1    | Reached skill level 12 in Shapeshifting
 40409 | Elf:2    | Found Fett's Jewellery Shop.
 40476 | Elf:2    | Found Hunokle Wun's Antique Armour Emporium.
 40501 | Elf:2    | You pick up a book of Necromancy and begin reading...
 40584 | Elf:2    | Found Baogavurung's Antique Weapon Boutique.
 40929 | Elf:2    | Received a gift from Okawaru
 41106 | Elf:2    | You pick up a book of Flames and begin reading...
 41106 | Elf:2    | You add the spells Inner Flame, Sticky Flame and Flame Wave
                  | to your library.
 41167 | Elf:2    | Found Guov's Antique Weapon Shop.
 41168 | Elf:2    | Found Akygel's Assorted Antiques.
 41176 | Elf:2    | Bought a scroll of blinking for 180 gold pieces
 41176 | Elf:2    | Bought a scroll of revelation for 180 gold pieces
 41275 | Elf:2    | Found a runed translucent gate.
 41276 | Elf:2    | Found a runed translucent gate.
 41276 | Elf:2    | Found a runed translucent gate.
 41293 | Elf:2    | Reached skill level 13 in Shapeshifting
 41375 | Elf:2    | HP: 39/170 [deep elf zephyrmancer/bolt of lightning (7)]
 41378 | Elf:2    | HP: 18/170 [burnt (2)]
 41747 | Elf:2    | HP: 41/170 [deep elf knight/shard of ice (24)]
 42221 | Elf:2    | Noticed Agnes
 42237 | Elf:2    | Killed Agnes
 42636 | Elf:3    | Entered Level 3 of the Elven Halls
 42770 | Elf:3    | You pick up a book of the Tundra and begin reading...
 43071 | Elf:3    | Reached skill level 14 in Shapeshifting
 43080 | Elf:3    | Received a gift from Okawaru
 43192 | Elf:3    | Found Olemi's Magic Scroll Shoppe.
 43286 | Elf:3    | magus.rc [v1.9.6]
 44180 | Elf:3    | Identified the ring of Iqiadion {rF++ rC+ MP+9 Str-4
                  | Stlth-}
 44198 | Elf:3    | Reached XP level 20. HP: 142/178 MP: 25/29
 44224 | Elf:3    | magus.rc [v1.9.6]
 44357 | Elf:3    | Received a gift from Okawaru
 44426 | Elf:3    | Paralysed by an air elemental for 1 turns
 44445 | Elf:3    | Reached skill level 15 in Shapeshifting
 44598 | Elf:3    | Identified the staff of Uskayaw's Inspiration {Int+3 Conj}
 44644 | Elf:3    | You add the spells Passage of Golubria and Yara's Violent
                  | Unravelling to your library.
 44647 | Elf:3    | Identified the staff "Kifycem" {*Slow rPois rCorr Stlth+
                  | Ice Alchemy}
 44920 | Elf:3    | Got the Spellbook of the Red Sphinx
 44928 | Elf:3    | You pick up a book of Transmutation and begin reading...
 44928 | Elf:3    | You add the spells Petrify and Irradiate to your library.
 44940 | Elf:3    | You pick up a book of Displacement and begin reading...
 44940 | Elf:3    | You add the spells Gell's Gravitas and Teleport Other to
                  | your library.
 45023 | Elf:3    | Bought a scroll of enchant weapon for 82 gold pieces
 45023 | Elf:3    | Bought a scroll of blinking for 82 gold pieces
 45023 | Elf:3    | Bought a scroll of poison for 44 gold pieces
 45023 | Elf:3    | Bought a scroll of amnesia for 44 gold pieces
 45340 | Vaults:1 | Entered Level 1 of the Vaults
 45360 | Vaults:1 | Noticed Norris
 45381 | Vaults:1 | Killed Norris
 46086 | Vaults:1 | Received a gift from Okawaru
 46091 | Vaults:1 | Reached skill level 16 in Shapeshifting
 46419 | Vaults:1 | Found Xoihuoz's Weapon Boutique.
 46962 | Vaults:1 | You pick up a book of Conjurations {@e2} and begin
                  | reading...
 46962 | Vaults:1 | You add the spells Searing Ray and Fulminant Prism to your
                  | library.
 47007 | Vaults:1 | Received a gift from Okawaru
 47966 | Vaults:2 | Reached skill level 17 in Shapeshifting
 48131 | Vaults:2 | Found a staircase to the Crypt.
 48274 | Vaults:2 | Identified the +3 quarterstaff of the Hammering King
                  | {heavy, Will+ MP+9}
 48290 | Vaults:2 | Received a gift from Okawaru
 48892 | Vaults:2 | Reached XP level 21. HP: 184/184 MP: 27/30
 49130 | Vaults:2 | You pick up a book of Touch and begin reading...
 49130 | Vaults:2 | You add the spells Confusing Touch and Dispel Undead to
                  | your library.
 49134 | Vaults:2 | You are sucked into a shaft and drop 1 floor!
 49872 | Vaults:3 | You pick up a book of Armaments and begin reading...
 50246 | Vaults:3 | Noticed Sojobo
 50259 | Vaults:3 | Killed Sojobo
 50260 | Vaults:3 | Reached skill level 18 in Shapeshifting
 50775 | Vaults:3 | Received a gift from Okawaru
 52651 | Vaults:4 | Received a gift from Okawaru
 52910 | Vaults:4 | Found Uteyg's Armour Shop.
 53130 | Vaults:4 | Found Teobilug's Distillery.
 53196 | Vaults:4 | Reached skill level 19 in Shapeshifting
 53450 | Vaults:4 | You pick up a book of Annihilations and begin reading...
 53450 | Vaults:4 | You add the spells Chain Lightning, Fire Storm and Shatter
                  | to your library.
 53621 | Vaults:4 | Bought a potion of heal wounds for 95 gold pieces
 53680 | Vaults:4 | Found Tumyuveu's Antique Armour Shop.
 53835 | Vaults:4 | Found Omet's Book Shop.
 53835 | Vaults:4 | Found Gexzeon's Weapon Shop.
 54250 | Depths:1 | Entered Level 1 of the Depths
 54251 | Depths:1 | magus.rc [v1.9.6]
 54257 | Depths:1 | Received a gift from Okawaru
 54329 | Depths:1 | magus.rc [v1.9.6]
 54337 | Depths:1 | magus.rc [v1.9.6]
 55149 | Depths:1 | Reached XP level 22. HP: 190/192 MP: 27/31
 55415 | Depths:1 | Received a gift from Okawaru
 55480 | Depths:1 | Reached skill level 20 in Shapeshifting
 55633 | Depths:1 | Found a one-way gate to the infinite horrors of the Abyss.
 55719 | Depths:1 | Found a bloodstained altar of Trog.
 55740 | Depths:1 | Found a one-way gate leading to the halls of Pandemonium.
 56177 | Depths:2 | Found a one-way gateway to a ziggurat.
 56620 | Depths:2 | Received a gift from Okawaru
 57650 | Depths:2 | Identified the ring of Ucvergh {rF- Will+ Int+6 Slay+6}
 57676 | Depths:2 | Noticed Vv
 57773 | Depths:1 | magus.rc [v1.9.6]
 57797 | Depths:2 | Found a shadowy altar of Dithmenos.
 58062 | Depths:2 | Reached skill level 21 in Shapeshifting
 58089 | Depths:2 | HP: 46/192 [Vv (8)]
 58098 | Depths:2 | HP: 45/192 [Vv (6)]
 58117 | Depths:2 | Killed Vv
 58117 | Depths:2 | Received a gift from Okawaru
 58462 | Depths:2 | Noticed Mara
 58493 | Depths:2 | Killed Mara
 58749 | Depths:2 | You pick up a book of the Moon and begin reading...
 58881 | Depths:3 | Found Jowoappin's Antique Armour Emporium.
 58911 | Depths:3 | Noticed a golden dragon
 58932 | Depths:3 | Killed a golden dragon
 58932 | Depths:3 | Identified +0 gold dragon scales
 58940 | Depths:3 | z - +0 gold dragon scales {rare}
 58946 | Depths:3 | You finish putting on your +0 gold dragon scales {rare}.
 59054 | Depths:3 | your +0 gold dragon scales {rare} glow green for a moment.
 59202 | Depths:3 | Noticed a golden dragon
 59209 | Depths:3 | Killed a golden dragon
 59471 | Depths:3 | Acquired 788 gold pieces
 59479 | Depths:3 | You pick up a book of Annihilations and begin reading...
 59915 | Depths:3 | your +1 gold dragon scales {rare} glow green for a moment.
 60197 | Depths:3 | Noticed a golden dragon
 60204 | Depths:3 | Killed a golden dragon
 60224 | Depths:3 | You pick up a book of Callings and begin reading...
 60232 | Depths:3 | Received a gift from Okawaru
 60234 | Depths:3 | +0 storm dragon scales {rare}; a storm dragon corpse
 60253 | Depths:3 | You pick up a book of Vapours and begin reading...
 60253 | Depths:3 | You add the spells Mercury Vapours and Freezing Cloud to
                  | your library.
 60312 | Depths:3 | Noticed a caustic shrike
 60327 | Depths:3 | Killed a caustic shrike
 60772 | Depths:3 | magus.rc [v1.9.6]
 60799 | Depths:4 | Entered Level 4 of the Depths
 60818 | Depths:4 | Reached XP level 23. HP: 170/196 MP: 26/32
 60825 | Depths:4 | Reached skill level 22 in Shapeshifting
 60831 | Depths:4 | HP: 45/199 [flayed ghost/flay_damage (13)]
 61470 | Depths:4 | Noticed Mennas
 61491 | Depths:4 | Killed Mennas
 61492 | Depths:4 | Noticed a caustic shrike
 61494 | Depths:4 | Noticed a caustic shrike
 61495 | Depths:4 | Noticed a caustic shrike
 61502 | Depths:3 | Killed a caustic shrike
 61646 | Depths:3 | Killed a caustic shrike
 61647 | Depths:3 | Killed a caustic shrike
 62091 | Depths:4 | You pick up a book of Blood and begin reading...
 62107 | Depths:4 | You pick up a book of Iron and begin reading...
 62599 | D:11     | Bought the death talisman "Soecw" {Will+ Dex+9 SInv} for
                  | 4599 gold pieces
 62789 | Depths:4 | Found a gate to the Realm of Zot.
 62976 | Depths:4 | Identified +0 gold dragon scales
 62978 | Depths:4 | +0 gold dragon scales {rare}; a golden dragon corpse
 63000 | Depths:4 | +0 gold dragon scales {rare}; a golden dragon corpse
 63135 | Depths:4 | Noticed a juggernaut
 63141 | Depths:4 | Reached skill level 23 in Shapeshifting
 63142 | Depths:4 | Killed a juggernaut
 63142 | Depths:4 | Received a gift from Okawaru
 63148 | Depths:4 | Learned a level 2 spell: Lesser Beckoning
 63153 | Depths:4 | Learned a level 4 spell: Passage of Golubria
 63420 | Depths:4 | Reached skill level 1 in Translocations
 63558 | Depths:4 | Found a gateway to a bazaar.
 63565 | Bazaar   | Entered a bazaar
 63566 | Bazaar   | Found Ubavo's General Store.
 63574 | Bazaar   | Found Cecrocaa's Book Emporium.
 63595 | Bazaar   | Found Feokk's Armour Shop.
 63612 | Bazaar   | Found Cikuyti's Weapon Shop.
 64050 | Slime:1  | Entered Level 1 of the Pits of Slime
 64134 | Slime:4  | Reached skill level 2 in Translocations
 64141 | Slime:4  | magus.rc [v1.9.6]
 64183 | Slime:5  | Entered Level 5 of the Pits of Slime
 64193 | Slime:5  | magus.rc [v1.9.6]
 64246 | Slime:5  | Noticed the Royal Jelly
 64270 | Slime:5  | HP: 47/199 [spore (6)]
 64275 | Slime:5  | HP: 19/199 [rockslime[the Royal Jelly] (31)]
 64277 | Slime:5  | HP: 8/199 [acid blob/splash of acid[the Royal Jelly] (12)]
 64657 | Slime:5  | Found a viscous altar of Jiyva.
 64658 | Slime:5  | Killed the Royal Jelly
 64659 | Slime:5  | Reached skill level 3 in Translocations
 64707 | Slime:5  | Identified the +6 arbalest "Hiubb" {drain, rN+++ Str+6
                  | Int-3}
 64899 | Slime:5  | Identified the +5 short sword of the Crawling Thing {flame,
                  | Str+8}
 64903 | Slime:5  | Identified the +2 rapier of the Shining Light {flame, rElec
                  | Will+ Dex+4}
 64908 | Slime:5  | You pick up a book of Frost and begin reading...
 64908 | Slime:5  | You add the spells Freeze and Frozen Ramparts to your
                  | library.
 64909 | Slime:5  | Identified the +0 falchion of the Crawling Thing {flame,
                  | rC+}
 64919 | Slime:5  | your +2 gold dragon scales {rare} glow green for a moment.
 64943 | Slime:5  | You pick up a book of Dangerous Friends and begin
                  | reading...
 64956 | Slime:5  | You pick up a book of the Spheres and begin reading...
 64956 | Slime:5  | You add the spells Iskenderun's Battlesphere, Fireball and
                  | Conjure Ball Lightning to your library.
 65024 | Slime:5  | Reached skill level 16 in Armour
 65035 | Slime:5  | Identified the +0 cloak of Wehanip {Stlth+}
 65037 | Slime:5  | You add the spells Metabolic Englaciation and Bombard to
                  | your library.
 65037 | Slime:5  | Got the Cyclopedia of Limited Liability
 65040 | Slime:5  | Got a slimy rune of Zot
 65042 | Slime:5  | Identified the ring "Deness" {^Drain rC+ Will+++ rCorr
                  | Slay+6}
 65071 | Slime:5  | You pick up a book of Transmutation and begin reading...
 65076 | Slime:5  | magus.rc [v1.9.6]
 65175 | Slime:5  | Identified the staff of Ru's Hope {rElec rC+ rN+ Str+3
                  | Necro Air}
 65183 | Slime:5  | Identified the staff of the Forsaken Lies {rElec rPois MP+9
                  | SInv Conj Air}
 65217 | Slime:5  | Identified the amulet of the Skiapode {Acrobat -Tele rElec
                  | rPois Str+5}
 65389 | Slime:5  | Reached skill level 12 in Shields
 65646 | Slime:4  | Reached skill level 4 in Translocations
 65651 | Slime:5  | Received a gift from Okawaru
 65730 | Slime:4  | Reached XP level 24. HP: 209/209 MP: 1/32
 67284 | Slime:2  | Reached skill level 5 in Translocations
 67408 | Slime:1  | Reached skill level 16 in Fighting
 68292 | Vaults:4 | magus.rc [v1.9.6]
 68307 | Vaults:5 | Entered Level 5 of the Vaults
 68315 | Vaults:5 | Received a gift from Okawaru
 68316 | Vaults:5 | Reached skill level 17 in Armour
 68316 | Vaults:5 | Reached skill level 16 in Dodging
 68323 | Vaults:5 | Reached skill level 6 in Translocations
 68412 | Vaults:5 | Reached skill level 18 in Armour
 68424 | Vaults:5 | Received a gift from Okawaru
 68519 | Vaults:5 | Reached skill level 7 in Translocations
 68955 | Vaults:5 | Identified the +3 quarterstaff "Zatzukeh" {flame, rPois
                  | Stlth+}
 68961 | Vaults:5 | You pick up a book of Frost and begin reading...
 69004 | Vaults:5 | Identified the ring of the Two Names {rPois rF+ Int+6 Dex+3
                  | SInv}
 69024 | Vaults:5 | Learned a level 4 spell: Vhi's Electric Charge
 69152 | Vaults:5 | Reached skill level 1 in Air Magic
 69178 | Vaults:5 | Identified the staff "Qoburr" {rF+ rC+ Dex+3 Ice}
 69250 | Vaults:5 | Identified the +1 battleaxe "Arij" {heavy, rC- rN+++ Will++
                  | MP-9}
 69263 | Vaults:5 | Found the +2 shield of Resistance {rF++ rC++ Will++}
 69417 | Vaults:5 | Got a silver rune of Zot
 69506 | Vaults:5 | Got the Volume of Freezing and the Blaze
 69594 | Vaults:5 | Received a gift from Okawaru
 69608 | Vaults:5 | Reached skill level 17 in Fighting
 70035 | Vaults:5 | magus.rc [v1.9.6]
 70322 | Depths:1 | Voluntarily entered the Abyss.
 70380 | Abyss:1  | Found a corrupted altar of Lugonu.
 70397 | Abyss:1  | Reached skill level 2 in Air Magic
 70403 | Abyss:1  | Found a corrupted altar of Lugonu.
 70419 | Abyss:1  | Found a corrupted altar of Lugonu.
 70664 | Abyss:1  | Reached skill level 8 in Translocations
 70701 | Abyss:1  | Reached XP level 25. HP: 217/221 MP: 0/32
 70739 | Abyss:1  | Found a corrupted altar of Lugonu.
 70868 | Abyss:1  | Reached skill level 19 in Armour
 70889 | Abyss:1  | Received a gift from Okawaru
 70890 | Abyss:1  | Reached skill level 3 in Air Magic
 70973 | Abyss:1  | Found a corrupted altar of Lugonu.
 71115 | Abyss:1  | Found a corrupted altar of Lugonu.
 71203 | Abyss:1  | Found a corrupted altar of Lugonu.
 71477 | Abyss:1  | Found a corrupted altar of Lugonu.
 71609 | Abyss:1  | Noticed a dread lich
 71618 | Abyss:1  | Killed a dread lich
 71676 | Abyss:2  | Found a corrupted altar of Lugonu.
 71764 | Abyss:3  | Reached skill level 17 in Dodging
 71764 | Abyss:3  | Reached skill level 4 in Air Magic
 71773 | Abyss:3  | Received a gift from Okawaru
 71885 | Abyss:3  | Got an abyssal rune of Zot
 71898 | Abyss:3  | Found a corrupted altar of Lugonu.
 71934 | Depths:1 | You pass through the gate.
 71934 | Depths:1 | Escaped the Abyss
 72299 | Crypt:1  | Entered Level 1 of the Crypt
 72354 | Crypt:1  | magus.rc [v1.9.6]
 72363 | Crypt:1  | Reached skill level 9 in Translocations
 72564 | Crypt:1  | your +3 gold dragon scales {rare} glow green for a moment.
 72747 | Crypt:1  | Reached skill level 13 in Shields
 73233 | Crypt:1  | Reached skill level 5 in Air Magic
 73422 | Crypt:2  | Received a gift from Okawaru
 73423 | Crypt:2  | Reached skill level 20 in Armour
 73767 | D:5      | Bought a manual of Shields for 1120 gold pieces
 73767 | D:5      | Bought a manual of Armour for 1120 gold pieces
 74156 | Crypt:2  | Identified the +0 broad axe of the Riding Gods {elec,
                  | Int+4}
 74172 | Crypt:2  | Noticed a curse skull
 74182 | Crypt:2  | Killed a curse skull
 74878 | Crypt:3  | Entered Level 3 of the Crypt
 74948 | Crypt:3  | Reached skill level 18 in Fighting
 75261 | Crypt:3  | Found a basalt altar of Yredelemnul.
 75295 | Crypt:3  | Reached skill level 6 in Air Magic
 75596 | Crypt:3  | Identified the +2 halberd "Dewkemom" {freeze, rElec}
 75597 | Crypt:3  | Identified the +1 dagger "Dragon's Undoing" {flame, rF+
                  | MP+9}
 75788 | Crypt:3  | Reached skill level 14 in Shields
 75790 | Crypt:3  | Received a gift from Okawaru
 75798 | Crypt:3  | Reached skill level 10 in Translocations
 75884 | Crypt:3  | Reached XP level 26. HP: 221/232 MP: 22/32
 75978 | Crypt:3  | Found a staircase to the Tomb.
 75978 | Crypt:3  | Noticed a curse skull
 75985 | Crypt:3  | Killed a curse skull
 76125 | Crypt:3  | Identified the ring "Xezxiext" {rElec rN+ Will- Str+9
                  | Stlth-}
 76125 | Crypt:3  | Identified the ring "Qilo" {rElec rC+++ rN+ Will- Dex-4}
 76125 | Crypt:3  | Identified the ring "Sudwid" {rC++ rN+}
 76294 | Crypt:3  | You pick up a book of Chaos and begin reading...
 76401 | Crypt:3  | Identified the staff "Avuloded" {Fly rC+ MP+9 Str+4 Int+2
                  | Ice}
 76403 | Crypt:3  | Identified the +8 great sword "Zaarena" {freeze, Int-5
                  | Dex+3 SInv}
 76442 | Tomb:1   | Entered Level 1 of the Tomb of the Ancients
 76575 | Tomb:1   | Received a gift from Okawaru
 76582 | Tomb:1   | Reached skill level 21 in Armour
 77054 | Tomb:1   | Reached skill level 7 in Air Magic
 77090 | Tomb:1   | Learned a level 4 spell: Manifold Assault
 77125 | Tomb:1   | Noticed a royal mummy
 77137 | Tomb:1   | Killed a royal mummy
 77246 | Tomb:1   | You pick up a book of Debilitation and begin reading...
 77246 | Tomb:1   | You add the spells Slow and Sigil of Binding to your
                  | library.
 77327 | Tomb:1   | Noticed a royal mummy
 77349 | Tomb:1   | Killed a royal mummy
 78223 | Hell     | Entered the Vestibule of Hell
 78223 | Hell     | Noticed Geryon
 78242 | Hell     | Reached skill level 15 in Shields
 78255 | Hell     | Killed Geryon
 78257 | Hell     | Received a gift from Okawaru
 78289 | Hell     | Reached skill level 18 in Dodging
 78516 | Hell     | Reached skill level 11 in Translocations
 78621 | Hell     | Found a gateway to the ashen valley of Gehenna.
 78626 | Hell     | Reached skill level 8 in Air Magic
 78767 | Hell     | Found a gateway to the Iron City of Dis.
 78859 | Hell     | Found a gateway to the freezing wastes of Cocytus.
 78920 | Hell     | Found a gateway to the decaying netherworld of Tartarus.
 79131 | Zot:1    | Entered Level 1 of the Realm of Zot
 79143 | Zot:1    | Received a gift from Okawaru
 79707 | Zot:1    | Reached skill level 19 in Fighting
 79707 | Zot:1    | Reached skill level 16 in Shields
 79746 | Zot:1    | Found a radiant altar of Vehumet.
 79808 | Zot:1    | +0 storm dragon scales {rare}; a storm dragon corpse
 79811 | Zot:1    | Reached skill level 22 in Armour
 80165 | Zot:1    | Noticed an orb of fire
 80178 | Zot:1    | Killed an orb of fire
 80473 | Zot:2    | Received a gift from Okawaru
 80765 | Zot:2    | Noticed an electric golem
 80773 | Zot:2    | Killed an electric golem
 80788 | Zot:2    | Reached XP level 27. HP: 218/244 MP: 18/32
 80792 | Zot:2    | Noticed a curse toe
 80796 | Zot:2    | +0 storm dragon scales {rare}; a storm dragon corpse
 80805 | Zot:2    | Killed a curse toe
 80806 | Zot:2    | Reached skill level 9 in Air Magic
 80814 | Zot:2    | +0 storm dragon scales {rare}; a storm dragon corpse
 80944 | Zot:2    | +0 storm dragon scales {rare}; a storm dragon corpse
 81097 | Zot:2    | +0 shadow dragon scales {rare}; a shadow dragon corpse
 81615 | Zot:3    | Identified +0 gold dragon scales
 81617 | Zot:3    | +0 gold dragon scales {rare}; a golden dragon corpse
 81617 | Zot:3    | Received a gift from Okawaru
 81785 | Zot:3    | Reached skill level 17 in Shields
 81789 | Zot:3    | Reached skill level 12 in Translocations
 82211 | Zot:3    | Identified +0 gold dragon scales
 82431 | Zot:3    | Received a gift from Okawaru
 82651 | Zot:3    | You pick up a book of Transmutation and begin reading...
 82750 | Zot:3    | Noticed a curse toe
 82761 | Zot:3    | Killed a curse toe
 82776 | Zot:3    | Noticed a curse toe
 82791 | Zot:3    | Killed a curse toe
 82792 | Zot:3    | Reached skill level 23 in Armour
 82882 | Zot:3    | Noticed a curse toe
 82882 | Zot:3    | Paralysed by you for 1 turns
 82897 | Zot:3    | Killed a curse toe
 82944 | Zot:3    | Identified the ring of Donnyno {rElec rPois rF+ rC++ MP+9}
 82946 | Zot:3    | You pick up a book of Misfortune and begin reading...
 82946 | Zot:3    | You add the spells Jinxbite and Enfeeble to your library.
 82947 | Zot:3    | Identified the +3 hat "Rounnik" {Slay+2}
 83473 | Zot:4    | Reached skill level 10 in Air Magic
 83503 | Zot:4    | Identified +0 gold dragon scales
 83508 | Zot:4    | +0 storm dragon scales {rare}; a storm dragon corpse
 83512 | Zot:4    | +0 gold dragon scales {rare}; a moth of wrath corpse; a
                  | golden dragon corpse
 83519 | Zot:4    | +0 storm dragon scales {rare}; a storm dragon corpse
 83520 | Zot:4    | +0 gold dragon scales {rare}; a moth of wrath corpse; a
                  | golden dragon corpse
 83539 | Zot:4    | +0 gold dragon scales {rare}; a moth of wrath corpse; a
                  | golden dragon corpse
 83559 | Zot:4    | +0 storm dragon scales {rare}; a storm dragon corpse
 83588 | Zot:4    | Noticed an orb of fire
 83600 | Zot:4    | Killed an orb of fire
 83601 | Zot:4    | Reached skill level 19 in Dodging
 83604 | Zot:4    | +0 storm dragon scales {rare}; a storm dragon corpse
 83615 | Zot:4    | Reached skill level 18 in Shields
 83616 | Zot:4    | +0 storm dragon scales {rare}; a storm dragon corpse
 83768 | Zot:4    | +0 storm dragon scales {rare}; a +0 hand axe {axe}; a storm
                  | dragon skeleton
 83778 | Zot:4    | +0 storm dragon scales {rare}; a +0 hand axe {axe}; a storm
                  | dragon skeleton
 83784 | Zot:4    | +0 storm dragon scales {rare}; a +0 hand axe {axe}; a storm
                  | dragon skeleton
 84079 | Zot:4    | Reached skill level 20 in Fighting
 84170 | Zot:4    | Noticed a curse toe
 84178 | Zot:4    | Killed a curse toe
 84639 | Zot:5    | Entered Level 5 of the Realm of Zot
 84644 | Zot:5    | Identified the +7 shortbow of Death's Door {elec, Str+3}
 84793 | Zot:5    | +0 shadow dragon scales {rare}; a shadow dragon corpse
 84973 | Zot:5    | Received a gift from Okawaru
 85333 | Pan      | Entered Pandemonium
 85333 | Pan      | Noticed Taoc Tol the pandemonium lord
 85351 | Pan      | Killed Taoc Tol the pandemonium lord
 85352 | Pan      | Reached skill level 13 in Translocations
 85817 | Pan      | Reached skill level 11 in Air Magic
 85827 | Pan      | your +4 gold dragon scales {rare} glow green for a moment.
 85836 | Pan      | Reached skill level 24 in Armour
 85927 | Pan      | Received a gift from Okawaru
 86137 | Pan      | Reached skill level 19 in Shields
 86397 | Pan      | Noticed Biginial the pandemonium lord
 86417 | Pan      | Killed Biginial the pandemonium lord
 86438 | Pan      | Found a runed translucent door.
 86460 | Pan      | Got a demonic rune of Zot
 86629 | Pan      | magus.rc [v1.9.6]
 86685 | Pan      | Found an exit through the horrors of the Abyss.
 86754 | Pan      | Found a transporter.
 86799 | Pan      | Found a transporter.
 86800 | Pan      | Identified the ring "Keojett" {Ice Dex+4}
 87034 | Pan      | Identified the +0 cloak of a Labyrinth {rPois rF+ rN+}
 87041 | Pan      | You pick up a book of Transmutation and begin reading...
 87054 | Pan      | You pick up a book of Spectacle and begin reading...
 87178 | Pan      | Received a gift from Okawaru
 87455 | Pan      | Entered the realm of Mnoleg.
 88144 | Pan      | Received a gift from Okawaru
 88723 | Pan      | Reached skill level 14 in Translocations
 88729 | Pan      | Reached skill level 12 in Air Magic
 88768 | Pan      | Noticed Mnoleg
 88806 | Pan      | Reached skill level 20 in Shields
 88822 | Pan      | Killed Mnoleg
 88823 | Pan      | Reached skill level 25 in Armour
 89038 | Pan      | Got a glowing rune of Zot
 89187 | Pan      | Reached skill level 21 in Fighting
 89197 | Pan      | Received a gift from Okawaru
 89312 | Pan      | Reached skill level 20 in Dodging
 89877 | Pan      | magus.rc [v1.9.6]
 90057 | Pan      | Entered the realm of Cerebov.
 90057 | Pan      | Found an exit through the horrors of the Abyss.
 90107 | Pan      | Acquired a manual of Dodging
 90319 | Pan      | Received a gift from Okawaru
 90818 | Pan      | Found the +6 sword of Cerebov {flame}
 90818 | Pan      | Noticed Cerebov
 90818 | Pan      | Cerebov, Demon Lord of Fire and Steel comes into view. They
                  | are wielding the +6 sword of Cerebov {flame}.
 90867 | Pan      | Killed Cerebov
 90869 | Pan      | HP: 54/250 [Brimstone Fiend/damnation (29)]
 90887 | Pan      | Identified the +3 war axe "Taghetab" {venom, *Rage +Blink
                  | Will+ Dex+9}
 90890 | Pan      | Identified the +0 ring mail "Yppunugo" {Will- Str+2 Int+3
                  | Slay+3}
 90894 | Pan      | Got Hig Daem's Cyclopedia of Shivering Causimancy
 91084 | Pan      | Got a fiery rune of Zot
 91186 | Pan      | Got Hidedgh's Disquisition on Allied Chemistry
 91223 | Pan      | Identified the +6 broad axe of Iguenk {flame, rElec rC-
                  | Str+4}
 91305 | Pan      | Received a gift from Okawaru
 91417 | Pan      | Reached skill level 13 in Air Magic
 91938 | Pan      | Entered the realm of Lom Lobon.
 92173 | Pan      | Found an exit through the horrors of the Abyss.
 92207 | Pan      | You pick up a book of Fire and begin reading...
 92338 | Pan      | Received a gift from Okawaru
 93012 | Pan      | Noticed Lom Lobon
 93041 | Pan      | Killed Lom Lobon
 93042 | Pan      | Reached skill level 21 in Dodging
 93042 | Pan      | Reached skill level 21 in Shields
 93236 | Pan      | Got a magical rune of Zot
 93355 | Pan      | Received a gift from Okawaru
 93391 | Pan      | your +5 gold dragon scales {rare} glow green for a moment.
 93412 | Pan      | Found a transporter.
 93482 | Pan      | Reached skill level 15 in Translocations
 93526 | Pan      | Found a transporter.
 93790 | Pan      | Reached skill level 26 in Armour
 93883 | Pan      | Reached skill level 22 in Fighting
 94083 | Pan      | You pick up a book of Conjurations {@e2} and begin
                  | reading...
 94099 | Pan      | Identified the amulet "Acso" {Acrobat Harm}
 94103 | Pan      | Identified the amulet "Paghoxu" {Will+ Regen+ rCorr}
 94128 | Pan      | Received a gift from Okawaru
 94277 | Pan      | You pick up a book of Storms and begin reading...
 94277 | Pan      | You add the spells Static Discharge and Airstrike to your
                  | library.
 94774 | Pan      | Reached skill level 14 in Air Magic
 95008 | Pan      | You pick up a book of Misfortune and begin reading...
 95075 | Pan      | You add the spells Ignite Poison and Ignition to your
                  | library.
 95197 | Pan      | Noticed Lierotac the pandemonium lord
 95203 | Pan      | Killed Lierotac the pandemonium lord
 95217 | Pan      | Entered the realm of Gloorx Vloq.
 95236 | Pan      | Got the Quarto of Reshaped Distance
 95417 | Pan      | Found an exit through the horrors of the Abyss.
 95696 | Pan      | Reached skill level 22 in Dodging
 95930 | Pan      | Received a gift from Okawaru
 96136 | Pan      | magus.rc [v1.9.6]
 96167 | Pan      | Noticed a curse skull
 96176 | Pan      | Killed a curse skull
 96453 | Pan      | Noticed a curse skull
 96454 | Pan      | Noticed Gloorx Vloq
 96473 | Pan      | Killed Gloorx Vloq
 96482 | Pan      | Killed a curse skull
 96736 | Pan      | Got a dark rune of Zot
 96915 | Pan      | Reached skill level 22 in Shields
 96923 | Pan      | Reached skill level 15 in Air Magic
 97483 | Pan      | Found a runed translucent door.
 97492 | Pan      | Found a runed translucent door.
 97493 | Pan      | Found a runed translucent door.
 97499 | Pan      | Noticed Suempom the pandemonium lord
 97518 | Pan      | Killed Suempom the pandemonium lord
 97711 | Pan      | Found a runed translucent door.
 97722 | Pan      | Identified the staff of Riariar {Str+3 Int+2 Stlth- Fire
                  | Earth}
 97889 | Pan      | Received a gift from Okawaru
 98076 | Pan      | Reached skill level 23 in Dodging
 98162 | Pan      | Reached skill level 23 in Fighting
 98823 | Pan      | Reached skill level 27 in Armour
 99174 | Pan      | You pick up a book of Air and begin reading...
 99538 | Pan      | Found a glowing silver altar of Zin.
 99693 | Pan      | Received a gift from Okawaru
 99695 | Pan      | Identified the +1 buckler of the Endless Expanse {rPois
                  | rC+}
 99701 | Pan      | Reached skill level 24 in Dodging
100030 | Pan      | Found a white marble altar of Elyvilon.
100036 | Pan      | Reached skill level 23 in Shields
100126 | Pan      | Noticed a pearl dragon
100135 | Pan      | Killed a pearl dragon
100668 | Pan      | Reached skill level 24 in Fighting
100708 | Pan      | Noticed a pearl dragon
100717 | Pan      | Killed a pearl dragon
100852 | Pan      | Identified the amulet "Ibroupn" {Reflect Dex+2 SH+5}
100852 | Pan      | Noticed a seraph
100866 | Pan      | Killed a seraph
100866 | Pan      | Received a gift from Okawaru
100896 | Pan      | Found a glowing golden altar of the Shining One.
101072 | Pan      | Identified the ring of Due Proportion {Fire Will+ Slay+2}
101089 | Pan      | Got the Notes on Airy Leadership
101144 | Depths:1 | You pass through the gate.
101144 | Depths:1 | Escaped Pandemonium
101216 | Coc:1    | Entered Level 1 of Cocytus
101923 | Coc:3    | Received a gift from Okawaru
102279 | Coc:4    | Reached skill level 24 in Shields
102290 | Coc:4    | Reached skill level 25 in Dodging
102790 | Coc:5    | Noticed a dread lich
102800 | Coc:5    | Killed a dread lich
102864 | Coc:5    | Reached skill level 25 in Fighting
103189 | Coc:6    | Received a gift from Okawaru
103577 | Coc:7    | Entered Level 7 of Cocytus
104167 | Coc:7    | Received a gift from Okawaru
104188 | Coc:7    | Reached skill level 25 in Shields
104836 | Coc:7    | Noticed Antaeus
104872 | Coc:7    | Killed Antaeus
104872 | Coc:7    | Received a gift from Okawaru
104873 | Coc:7    | Reached skill level 26 in Fighting
104873 | Coc:7    | Reached skill level 26 in Dodging
104884 | Coc:7    | Got an icy rune of Zot
105022 | Coc:7    | You pick up a book of Debilitation and begin reading...
105188 | Tar:1    | Entered Level 1 of Tartarus
105189 | Tar:1    | Noticed a curse skull
105193 | Tar:1    | Noticed an ancient lich
105193 | Tar:1    | Noticed an ancient lich
105193 | Tar:1    | Noticed an ancient lich
105209 | Tar:1    | Killed an ancient lich
105217 | Tar:1    | Killed an ancient lich
105224 | Tar:1    | Killed a curse skull
105229 | Tar:1    | Killed an ancient lich
105644 | Tar:2    | Noticed a dread lich
105654 | Tar:2    | Killed a dread lich
105738 | Tar:2    | Received a gift from Okawaru
106327 | Tar:4    | Reached skill level 26 in Shields
106656 | Tar:5    | Received a gift from Okawaru
106657 | Tar:5    | Reached skill level 27 in Fighting
107077 | Tar:6    | Noticed an ancient lich
107080 | Tar:6    | Killed an ancient lich
107102 | Tar:6    | Reached skill level 27 in Dodging
107350 | Tar:7    | Entered Level 7 of Tartarus
107402 | Tar:7    | Reached skill level 27 in Shields
107413 | Tar:7    | Reached skill level 1 in Evocations
107415 | Tar:7    | Reached skill level 1 in Stealth
107420 | Tar:7    | Noticed a dread lich
107422 | Tar:7    | Received a gift from Okawaru
107423 | Tar:7    | Reached skill level 2 in Evocations
107431 | Tar:7    | Reached skill level 2 in Stealth
107431 | Tar:7    | Reached skill level 3 in Evocations
107433 | Tar:7    | Killed a dread lich
107441 | Tar:7    | Reached skill level 4 in Evocations
107442 | Tar:7    | Reached skill level 12 in Throwing
107449 | Tar:7    | HP: 66/273 [Tzitzimitl/dispel undead[a doom hound] (47)]
107451 | Tar:7    | Reached skill level 3 in Stealth
107456 | Tar:7    | Learned a level 4 spell: Leda's Liquefaction
107805 | Tar:7    | Noticed Ereshkigal
107816 | Tar:7    | Received a gift from Okawaru
107817 | Tar:7    | Reached skill level 5 in Evocations
107832 | Tar:7    | Paralysed by Ereshkigal for 3 turns
107844 | Tar:7    | Killed Ereshkigal
107981 | Tar:7    | Got a bone rune of Zot
108042 | Tar:7    | Noticed a dread lich
108051 | Tar:7    | Killed a dread lich
108063 | Tar:7    | Reached skill level 4 in Stealth
108228 | Tar:7    | Noticed a dread lich
108236 | Tar:7    | Killed a dread lich
108237 | Tar:7    | Reached skill level 6 in Evocations
108262 | Tar:7    | Identified the staff "brilapsti's Doom" {rElec rPois rF+
                  | Dex+2 Fire}
108265 | Tar:7    | Identified the ring of Ikkoum {Fly Slay+3}
108270 | Tar:7    | You pick up a book of Unlife and begin reading...
108317 | Tar:7    | Identified the +8 great sword of Upheaval {flame, Dex+2}
108339 | Tar:7    | Noticed a dread lich
108343 | Tar:7    | Paralysed by a dread lich for 4 turns
108348 | Tar:7    | Killed a dread lich
108519 | Tar:7    | Reached skill level 13 in Throwing
108525 | Tar:7    | You pick up a book of Annihilations and begin reading...
108621 | Tar:7    | Received a gift from Okawaru
108646 | Tar:7    | Reached skill level 7 in Evocations
108810 | Tar:7    | Reached skill level 5 in Stealth
108911 | Tar:7    | You pick up a book of Hexes and begin reading...
108911 | Tar:7    | You add the spells Anguish and Cause Fear to your library.
108913 | Tar:7    | Got Immoagh's Treatise on Degeneration {@e2}
108915 | Tar:7    | You pick up a book of Blood and begin reading...
108917 | Tar:7    | You pick up a book of the Earth and begin reading...
108918 | Tar:7    | Identified the ring "Ryehau" {Fly rElec rC+ Slay-6 Stlth+}
108922 | Tar:7    | You pick up a book of Misfortune and begin reading...
108933 | Tar:7    | Learned a level 3 spell: Swiftness
109109 | Tar:7    | Reached skill level 8 in Evocations
109140 | Tar:7    | Reached skill level 14 in Throwing
109152 | Tar:7    | Found the +8 storm bow {elec, penet}
109171 | Tar:7    | Received a gift from Okawaru
109287 | Tar:7    | Identified the +7 scale mail of the Chupacabra {rC+ rN+}
109372 | Geh:1    | Entered Level 1 of Gehenna
109398 | Geh:1    | Reached skill level 6 in Stealth
109739 | Geh:2    | Reached skill level 9 in Evocations
109756 | Geh:2    | Noticed a dread lich
109763 | Geh:2    | Killed a dread lich
110382 | Geh:3    | Received a gift from Okawaru
110509 | Geh:4    | Reached skill level 15 in Throwing
110889 | Geh:5    | Reached skill level 10 in Evocations
110900 | Geh:5    | Reached skill level 7 in Stealth
111612 | Geh:7    | Entered Level 7 of Gehenna
111627 | Geh:7    | Received a gift from Okawaru
111805 | Geh:7    | Noticed the Serpent of Hell
111814 | Geh:7    | Killed the Serpent of Hell
111815 | Geh:7    | Reached skill level 11 in Evocations
111833 | Geh:7    | Reached skill level 16 in Throwing
111861 | Geh:7    | Reached skill level 8 in Stealth
112120 | Geh:7    | Reached skill level 12 in Evocations
112352 | Geh:7    | Received a gift from Okawaru
112780 | Geh:7    | Reached skill level 9 in Stealth
112821 | Geh:7    | Found the +13 sceptre of Asmodeus
112821 | Geh:7    | Asmodeus, Prince of Gehenna comes into view. He is wielding
                  | the +13 sceptre of Asmodeus.
112821 | Geh:7    | Noticed Asmodeus
112834 | Geh:7    | HP: 65/273 [hellion/damnation[Asmodeus] (21)]
112837 | Geh:7    | Aim: Asmodeus, wielding the +13 sceptre of Asmodeus
                  | (lightly wounded, surrounded by flames, slow, weak, 85% to
                  | hit)
112837 | Geh:7    | Aim: Asmodeus, wielding the +13 sceptre of Asmodeus
                  | (lightly wounded, surrounded by flames, slow, weak, 85% to
                  | hit)
112843 | Geh:7    | HP: 56/273 [burnt (2)]
112848 | Geh:7    | HP: 47/273 [burnt (3)]
112852 | Geh:7    | Killed Asmodeus
112853 | Geh:7    | Reached skill level 13 in Evocations
112856 | Geh:7    | You pick up a book of Air and begin reading...
112859 | Geh:7    | You pick up a book of Callings and begin reading...
113045 | Geh:7    | Got an obsidian rune of Zot
113211 | Dis:1    | Entered Level 1 of the Iron City of Dis
113269 | Dis:1    | You are sucked into a shaft and drop 1 floor!
113568 | Dis:2    | Noticed a caustic shrike
113568 | Dis:2    | Noticed a caustic shrike
113568 | Dis:2    | Noticed a caustic shrike
113568 | Dis:2    | Noticed a caustic shrike
113568 | Dis:2    | Noticed a caustic shrike
113568 | Dis:2    | Noticed a caustic shrike
113568 | Dis:2    | Noticed a caustic shrike
113568 | Dis:2    | Noticed a caustic shrike
113573 | Dis:2    | Killed a caustic shrike
113575 | Dis:2    | Killed a caustic shrike
113579 | Dis:2    | Killed a caustic shrike
113579 | Dis:2    | Received a gift from Okawaru
113579 | Dis:2    | Killed a caustic shrike
113587 | Dis:2    | Killed a caustic shrike
113588 | Dis:2    | Killed a caustic shrike
113589 | Dis:2    | Reached skill level 10 in Stealth
113589 | Dis:2    | Killed a caustic shrike
113590 | Dis:2    | Reached skill level 14 in Evocations
113592 | Dis:2    | Killed a caustic shrike
113777 | Dis:3    | Noticed a caustic shrike
113777 | Dis:3    | Noticed a caustic shrike
113777 | Dis:3    | Noticed a caustic shrike
113781 | Dis:3    | Killed a caustic shrike
113785 | Dis:3    | Killed a caustic shrike
113789 | Dis:3    | Killed a caustic shrike
114001 | Dis:4    | Noticed an ancient lich
114017 | Dis:4    | Killed an ancient lich
114033 | Dis:4    | Received a gift from Okawaru
114044 | Dis:4    | Reached skill level 15 in Evocations
114233 | Dis:4    | Noticed a caustic shrike
114233 | Dis:4    | Noticed a caustic shrike
114234 | Dis:4    | Noticed a caustic shrike
114243 | Dis:4    | Killed a caustic shrike
114248 | Dis:4    | Reached skill level 11 in Stealth
114248 | Dis:4    | Killed a caustic shrike
114252 | Dis:4    | Killed a caustic shrike
114732 | Dis:4    | Noticed a caustic shrike
114732 | Dis:4    | Noticed a caustic shrike
114732 | Dis:4    | Noticed a caustic shrike
114732 | Dis:4    | Noticed a caustic shrike
114732 | Dis:4    | Noticed a caustic shrike
114925 | Dis:5    | Noticed a caustic shrike
114925 | Dis:5    | Noticed a caustic shrike
114925 | Dis:5    | Noticed a caustic shrike
114925 | Dis:5    | Noticed a caustic shrike
114925 | Dis:5    | Noticed a caustic shrike
114930 | Dis:5    | Killed a caustic shrike
114932 | Dis:5    | Killed a caustic shrike
114936 | Dis:5    | Killed a caustic shrike
114936 | Dis:5    | Killed a caustic shrike
114937 | Dis:5    | Killed a caustic shrike
114937 | Dis:5    | Received a gift from Okawaru
114992 | Dis:5    | Noticed a caustic shrike
114992 | Dis:5    | Noticed a caustic shrike
114992 | Dis:5    | Noticed a caustic shrike
114992 | Dis:5    | Noticed a caustic shrike
114992 | Dis:5    | Noticed a caustic shrike
115000 | Dis:5    | Killed a caustic shrike
115001 | Dis:5    | Reached skill level 16 in Evocations
115007 | Dis:5    | Killed a caustic shrike
115009 | Dis:5    | Killed a caustic shrike
115012 | Dis:5    | Killed a caustic shrike
115013 | Dis:5    | Killed a caustic shrike
115223 | Dis:5    | Noticed a caustic shrike
115223 | Dis:5    | Noticed a caustic shrike
115223 | Dis:5    | Noticed a caustic shrike
115223 | Dis:5    | Noticed a caustic shrike
115223 | Dis:5    | Noticed a caustic shrike
115231 | Dis:5    | Killed a caustic shrike
115232 | Dis:5    | Killed a caustic shrike
115234 | Dis:5    | Killed a caustic shrike
115235 | Dis:5    | Killed a caustic shrike
115236 | Dis:5    | Reached skill level 12 in Stealth
115236 | Dis:5    | Killed a caustic shrike
115413 | Dis:6    | HP: 53/273 [iron golem[an iron giant] (19)]
115596 | Dis:6    | Noticed a caustic shrike
115596 | Dis:6    | Noticed a caustic shrike
115598 | Dis:6    | Noticed a caustic shrike
115601 | Dis:6    | Killed a caustic shrike
115605 | Dis:6    | Killed a caustic shrike
115606 | Dis:6    | Killed a caustic shrike
115607 | Dis:6    | Reached skill level 17 in Evocations
115610 | Dis:6    | Received a gift from Okawaru
115872 | Dis:7    | Entered Level 7 of the Iron City of Dis
115960 | Dis:7    | Noticed a caustic shrike
115967 | Dis:7    | Killed a caustic shrike
115989 | Dis:7    | Noticed a caustic shrike
115996 | Dis:7    | Killed a caustic shrike
116223 | Dis:7    | Noticed a caustic shrike
116230 | Dis:7    | Killed a caustic shrike
116561 | Dis:7    | Reached skill level 13 in Stealth
116637 | Dis:7    | Received a gift from Okawaru
116696 | Dis:7    | Reached skill level 18 in Evocations
116697 | Dis:7    | Noticed a caustic shrike
116708 | Dis:7    | Killed a caustic shrike
117269 | Dis:7    | Noticed a juggernaut
117273 | Dis:7    | Noticed Dispater
117279 | Dis:7    | Killed a juggernaut
117296 | Dis:7    | Killed Dispater
117510 | Dis:7    | Identified the +11 battleaxe of Blood {elec, rN+ Int+6
                  | Dex-3 SInv}
117513 | Dis:7    | You pick up a book of Spectacle and begin reading...
117523 | Dis:7    | Got an iron rune of Zot
117635 | Dis:7    | Noticed a caustic shrike
117642 | Dis:7    | Killed a caustic shrike
117642 | Dis:7    | Received a gift from Okawaru
117643 | Dis:7    | Reached skill level 19 in Evocations
117718 | Dis:7    | Reached skill level 14 in Stealth
117719 | Dis:7    | Noticed a dread lich
117721 | Dis:7    | Noticed a caustic shrike
117730 | Dis:7    | Killed a dread lich
117731 | Dis:7    | Killed a caustic shrike
118049 | Dis:7    | Noticed a juggernaut
118056 | Dis:7    | Killed a juggernaut
118272 | Dis:7    | Found the necklace of Bloodlust {Fury *Rage Will++ Int-3
                  | Slay+6}
118272 | Dis:7    | Noticed a juggernaut
118280 | Dis:7    | Killed a juggernaut
118285 | Dis:7    | Received a gift from Okawaru
118343 | Dis:7    | Identified the amulet "Xegy" {Spirit rPois Str-2 Dex+6
                  | Slay+2}
118886 | Tomb:2   | Noticed a royal mummy
118890 | Tomb:2   | Noticed a royal mummy
118890 | Tomb:2   | Noticed a royal mummy
118890 | Tomb:2   | Noticed a royal mummy
118905 | Tomb:2   | Killed a royal mummy
118909 | Tomb:2   | Killed a royal mummy
118912 | Tomb:2   | Reached skill level 20 in Evocations
118918 | Tomb:2   | Killed a royal mummy
118921 | Tomb:2   | Killed a royal mummy
118979 | Tomb:2   | Received a gift from Okawaru
118995 | Tomb:2   | Reached skill level 15 in Stealth
119368 | Tomb:1   | Noticed a royal mummy
119369 | Tomb:1   | Noticed a royal mummy
119369 | Tomb:1   | Noticed a royal mummy
119379 | Tomb:1   | Killed a royal mummy
119380 | Tomb:1   | Killed a royal mummy
119381 | Tomb:1   | Killed a royal mummy
119529 | Tomb:1   | Noticed a royal mummy
119539 | Tomb:1   | Killed a royal mummy
119591 | Tomb:1   | Noticed a royal mummy
119603 | Tomb:1   | Killed a royal mummy
119662 | Tomb:1   | Noticed a royal mummy
119669 | Tomb:1   | Killed a royal mummy
119691 | Tomb:1   | Noticed a royal mummy
119699 | Tomb:1   | Killed a royal mummy
119704 | Tomb:1   | Noticed a royal mummy
119707 | Tomb:1   | Noticed a royal mummy
119710 | Tomb:1   | Noticed a royal mummy
119716 | Tomb:1   | Killed a royal mummy
119717 | Tomb:1   | Noticed a royal mummy
119726 | Tomb:1   | Killed a royal mummy
119729 | Tomb:1   | Noticed a royal mummy
119734 | Tomb:1   | Killed a royal mummy
119734 | Tomb:1   | Received a gift from Okawaru
119735 | Tomb:1   | Reached skill level 21 in Evocations
119736 | Tomb:1   | Killed a royal mummy
119742 | Tomb:1   | Noticed a royal mummy
119745 | Tomb:1   | Killed a royal mummy
119758 | Tomb:1   | Killed a royal mummy
119955 | Tomb:1   | Noticed a royal mummy
119957 | Tomb:1   | Noticed a royal mummy
119970 | Tomb:1   | Killed a royal mummy
119971 | Tomb:1   | Killed a royal mummy
120090 | Tomb:2   | Reached skill level 16 in Stealth
120297 | Tomb:3   | Entered Level 3 of the Tomb of the Ancients
120313 | Tomb:3   | Received a gift from Okawaru
120317 | Tomb:3   | Noticed a royal mummy
120324 | Tomb:3   | Noticed a royal mummy
120338 | Tomb:3   | Killed a royal mummy
120343 | Tomb:3   | Killed a royal mummy
120350 | Tomb:3   | Reached skill level 22 in Evocations
120351 | Tomb:3   | Noticed a royal mummy
120362 | Tomb:3   | HP: 66/273 [cloud of flame (5)]
120363 | Tomb:3   | Killed a royal mummy
120364 | Tomb:3   | Found the +7 hand cannon "Mule" {flame, backblast, rF+}
120370 | Tomb:3   | Noticed a royal mummy
120376 | Tomb:3   | Killed a royal mummy
120379 | Tomb:3   | HP: 49/273 [ushabti/dispel undead (29)]
120642 | Tomb:3   | Identified the ring of Summertime {Fly rCorr Dex+7}
120653 | Tomb:3   | Identified the staff "Decealic" {^Fragile rElec rPois Will+
                  | Dex+6 Alchemy}
120663 | Tomb:3   | Got the Guidebook on Shocking Incineration {@e2}
120678 | Tomb:3   | Identified the +1 demon blade of Governance {flame, rPois
                  | rF+ MP-9 Int+5}
120699 | Tomb:3   | Identified the ring of Xuhusch {rElec rF+ rN+}
120704 | Tomb:3   | You pick up a book of Air and begin reading...
120735 | Tomb:3   | You pick up a book of Spontaneous Combustion and begin
                  | reading...
120742 | Tomb:3   | You pick up a book of Conjurations {@e2} and begin
                  | reading...
120746 | Tomb:3   | You pick up a book of Minor Magic and begin reading...
120773 | Tomb:3   | Noticed a royal mummy
120780 | Tomb:3   | Killed a royal mummy
120785 | Tomb:3   | Received a gift from Okawaru
120790 | Tomb:3   | Noticed a royal mummy
120800 | Tomb:3   | Noticed a royal mummy
120802 | Tomb:3   | Killed a royal mummy
120813 | Tomb:3   | Killed a royal mummy
120862 | Tomb:3   | Noticed a royal mummy
120871 | Tomb:3   | Killed a royal mummy
121065 | Tomb:3   | Identified the staff "Heikhlo" {rN+ Str+3 Necro Earth}
121119 | Tomb:3   | You pick up a book of Burglary and begin reading...
121120 | Tomb:3   | Identified +2 gold dragon scales
121262 | Tomb:3   | Noticed a royal mummy
121278 | Tomb:3   | Killed a royal mummy
121410 | Tomb:3   | Got a golden rune of Zot
122170 | Zot:5    | Noticed a dread lich
122179 | Zot:5    | Killed a dread lich
122180 | Zot:5    | Reached skill level 23 in Evocations
122185 | Zot:5    | Reached skill level 17 in Stealth
122286 | Zot:5    | Received a gift from Okawaru
122286 | Zot:5    | Noticed an orb of fire
122298 | Zot:5    | Noticed an ancient lich
122302 | Zot:5    | Killed an orb of fire
122307 | Zot:5    | Killed an ancient lich
122349 | Zot:5    | Noticed an electric golem
122357 | Zot:5    | Noticed an orb of fire
122361 | Zot:5    | Killed an electric golem
122364 | Zot:5    | Noticed an ancient lich
122368 | Zot:5    | Killed an orb of fire
122372 | Zot:5    | Noticed a dread lich
122374 | Zot:5    | Noticed a dread lich
122375 | Zot:5    | Killed an ancient lich
122392 | Zot:5    | Killed a dread lich
122396 | Zot:5    | Killed a dread lich
122467 | Zot:5    | Noticed an ancient lich
122471 | Zot:5    | Killed an ancient lich
122603 | Zot:5    | Received a gift from Okawaru
122704 | Zot:5    | Got the Orb of Zot
122711 | Zot:5    | Noticed an electric golem
122712 | Zot:5    | Noticed an ancient lich
122719 | Zot:5    | Killed an ancient lich
122720 | Zot:5    | Reached skill level 24 in Evocations
122720 | Zot:5    | Noticed a dread lich
122728 | Zot:5    | Killed a dread lich
122729 | Zot:5    | Noticed an orb of fire
122731 | Zot:5    | Received a gift from Okawaru
122739 | Zot:5    | Killed an orb of fire
122740 | Zot:5    | Reached skill level 18 in Stealth
122746 | Zot:5    | Killed an electric golem
122783 | Zot:5    | Noticed Onuar the pandemonium lord
122804 | Zot:5    | Killed Onuar the pandemonium lord
122824 | Zot:5    | Noticed Voaqomok the pandemonium lord
122834 | Zot:5    | Killed Voaqomok the pandemonium lord
123164 | Depths:1 | Noticed Pehas the pandemonium lord
123177 | Depths:1 | Killed Pehas the pandemonium lord
123473 | D:$      | Escaped with the Orb!

Vanquished Creatures
  Cerebov (Pan)
  Asmodeus (Geh:7)
  Antaeus (Coc:7)
  the Royal Jelly (Slime:5)
  Ereshkigal (Tar:7)
  Gloorx Vloq (Pan)
  Mnoleg (Pan)
  the Serpent of Hell (Geh:7)
  A seraph (Pan)
  Lom Lobon (Pan)
  12 dread liches
  9 ancient liches
  Dispater (Dis:7)
  5 orbs of fire
  Mennas (Depths:4)
  Mara (Depths:2)
  4 juggernauts
  Sojobo (Vaults:3)
  30 royal mummies
  Vv (Depths:2)
  10 shard shrikes
  3 Killer Klowns (Zot:5)
  Geryon (Hell)
  5 curse toes
  15 golden dragons
  42 caustic shrikes
  20 bone dragons
  2 pearl dragons (Pan)
  7 pandemonium lords
  8 profane servitors
  14 doom hounds
  22 Tzitzimimeh
  25 Brimstone Fiends
  Norris (Vaults:1)
  3 shard shrike zombies
  28 tentacled monstrosities
  9 iron giants
  A walking crystal tome (Depths:2)
  Jorgrun (Elf:1)
  3 electric golems
  11 hellephants
  28 Hell Sentinels
  A spectral shard shrike (Tar:6)
  16 Ice Fiends
  11 liches
  Rupert (Lair:3)
  6 quicksilver dragons
  27 Orb Guardians
  A shard shrike skeleton (Tar:7)
  11 titans
  17 tainted leviathans
  28 searing wretches
  Mlioglotl (Swamp:2)
  2 deep elf master archers (Elf:3)
  2 deep elf blademasters (Elf:3)
  19 acid blobs
  11 death cobs
  A walking frostbound tome (Depths:4)
  12 sphinxes
  11 tentacled starspawn
  29 Executioners
  6 thorn hunters (Swamp:4)
  16 storm dragons
  50 ancient champions
  12 tengu reavers
  Agnes (Elf:2)
  12 shadow dragons
  Kirke (Lair:4)
  10 demonspawn warmongers
  15 rockslimes
  18 daevas (Pan)
  A draconian monk (Zot:5)
  9 draconian knights
  16 azure jellies
  13 frost giants
  9 narguns
  5 revenants
  10 iron dragons
  2 nagarajas (Pan)
  10 protean progenitors
  13 fire giants
  9 quicksilver elementals
  8 deep elf sorcerers
  2 draconian shifters
  3 draconian scorchers
  7 emperor scorpions
  3 deep elf elementalists (Elf:3)
  34 balrugs
  2 juggernaut zombies
  13 vault wardens
  10 shard shrike simulacra
  A spectral juggernaut (Tar:2)
  26 angels (Pan)
  5 spectral caustic shrikes
  3 draconian stormcallers
  22 very ugly things
  2 orc warlords
  4 ghouls
  17 ghost moths
  2 spriggan defenders (Depths:4)
  5 curse skulls
  28 cacodemons
  6 ironbound thunderhulks
  12 draconian annihilators
  20 ironbound preservers
  9 demonspawn blood saints (Pan)
  18 quicksilver oozes
  7 formless jellyfish
  5 juggernaut skeletons (Pan)
  32 reapers
  10 demonspawn corrupters
  16 ophanim (Pan)
  8 broodmothers
  7 caustic shrike skeletons
  20 stone giants
  9 vampire knights
  8 green draconians
  11 deep elf death magi
  16 bennus
  27 elemental wellsprings
  3 eleionomae
  7 lorocyprocas (Pan)
  30 apis (Pan)
  15 wendigos
  12 deep elf annihilators
  9 red draconians
  19 black draconians
  9 deep elf demonologists
  7 white draconians
  4 dire elephants (Vaults:1)
  6 bunyips
  16 starcursed masses
  16 yellow draconians
  20 putrid mouths
  14 spark wasps
  16 demonspawn black suns (Pan)
  9 purple draconians
  17 iron golems
  21 war gargoyles
  A spectral quicksilver dragon (Tar:2)
  21 blizzard demons
  19 jiangshi
  The ghost of flammie80 the Basher, a journeyman FoMo of Gozag (D:10)
  5 crystal guardians (Dis:4)
  24 mummy priests
  15 green deaths
  6 deep elf high priests
  6 entropy weavers
  10 ettins
  13 eidola
  A quicksilver dragon zombie (Tar:7)
  A spectral golden dragon (Tar:1)
  3 shambling mangroves
  4 fire dragons
  An entropy weaver (shapeshifter) (D:13)
  14 yaktaur captains
  4 spectral spriggans
  2 spectral iron giants
  Josephine (D:10)
  35 vault guards
  An elf skeleton (Tomb:2)
  2 peacekeepers (Vaults:4)
  6 rakshasas
  6 ice dragons
  5 great orbs of eyes
  10 caustic shrike simulacra
  10 spriggan air magi
  10 juggernaut simulacra
  A jorogumo (Pan)
  7 salamander tyrants
  3 hell beasts
  24 hydras
  4 ghost crabs
  A quicksilver dragon skeleton (Tar:7)
  3 radroaches
  The ghost of LordWeiramon the Grappler, a novice TrAE of Okawaru (D:8)
  6 alligators
  7 ogre magi
  8 death knights
  6 ironbound frosthearts
  15 centaur warriors
  22 two-headed ogres
  42 dancing weapons
  8 boulder beetles
  80 death scarabs
  10 stokers
  8 death yaks
  2 satyrs (Pan)
  3 tengu warriors
  11 deep troll shamans
  11 deep troll earth magi
  A titan zombie (Hell)
  An orc high priest (Orc:2)
  5 vampire magi
  46 hell hogs
  6 holy swine (Pan)
  2 occultists
  3 spectral nagas
  22 demonic crawlers
  3 spriggan berserkers (Depths:4)
  3 spectral dire elephants
  21 deep elf knights
  2 thrashing horrors (Abyss:1)
  11 crystal echidnas
  29 soul eaters
  30 hell knights
  6 hellephant skeletons (Pan)
  A fire crab (shapeshifter) (Vaults:5)
  A titan skeleton (Crypt:2)
  A golden dragon zombie (Depths:1)
  66 sun demons
  11 spriggans
  53 skeletal warriors
  A bunyip zombie (Crypt:1)
  34 shadow wraiths
  A death drake (Abyss:3)
  5 pharaoh ants
  6 quicksilver dragon simulacra
  6 skysharks
  2 glowing orange brains (shapeshifter)
  10 wretched stars
  16 cherubim (Pan)
  11 iron trolls
  6 swamp dragons
  30 sixfirhies
  A spatial maelstrom (Abyss:3)
  A spark wasp zombie (Crypt:2)
  8 goliath frogs
  70 deep trolls
  7 spriggan druids
  8 glowing orange brains
  24 shadow demons
  6 flayed ghosts
  9 orb spiders
  5 arcanists
  18 ironbound convokers
  24 phantasmal warriors
  2 orange crystal statues
  9 sun moths (Pan)
  6 spriggan simulacra
  8 steelbarb worms
  4 spectral hydras
  A fenstrider witch simulacrum (Coc:1)
  14 harpies
  12 deep elf archers
  8 lindwurms
  An iron giant skeleton (Crypt:2)
  17 necromancers
  A shadow dragon zombie (Tar:1)
  8 bog bodies
  36 deep elf pyromancers
  A lindwurm (shapeshifter) (Depths:3)
  An iron dragon zombie (Dis:4)
  7 orc knights
  50 ugly things
  A tengu skeleton (Abyss:1)
  An eleionoma zombie (Crypt:1)
  7 cyclopes
  An orc sorcerer (Orc:1)
  2 human zombies
  6 oklob plants
  A draconian zombie (Tar:1)
  13 shining eyes
  4 stone giant zombies
  24 wolf spiders
  A salamander (Depths:1)
  34 deep elf zephyrmancers
  2 will-o-the-wisps
  25 moths of wrath
  4 manticores
  2 worldbinders
  2 dire elephant zombies
  A spectral centaur (Tar:1)
  An iron dragon skeleton (Dis:4)
  10 meliai
  2 spectral ettins
  2 naga zombies
  A meliai (shapeshifter) (Vaults:5)
  A spectral alligator snapping turtle (Tar:3)
  2 alligator skeletons
  A jorogumo skeleton (Crypt:1)
  7 black mambas
  5 elephants
  A toenail golem (Zot:5)
  6 rust devils
  3 kobold blastminers (Orc:1)
  5 molten gargoyles (Hell)
  3 torpor snails
  12 apocalypse crabs
  48 smoke demons
  A moth of wrath (shapeshifter) (Depths:1)
  A gargoyle (D:14)
  3 dire elephant skeletons
  19 vault sentinels
  4 eyes of devastation
  An emperor scorpion simulacrum (Hell)
  7 titan simulacra
  A cane toad (shapeshifter) (Elf:2)
  An alligator snapping turtle zombie (Crypt:1)
  A yaktaur zombie (Vaults:2)
  31 orange demons
  6 rime drakes
  A centaur skeleton (Crypt:2)
  4 unseen horrors
  14 cane toads
  40 large abominations
  Maggie (D:8)
  4 tengu conjurers
  15 freezing wraiths
  16 hellions
  2 anaconda simulacra
  41 guardian mummies
  2 catoblepas zombies
  A green draconian zombie (Crypt:1)
  12 komodo dragons
  13 efreet
  An alligator snapping turtle skeleton (Tomb:3)
  23 tormentors
  An iron giant simulacrum (Coc:7)
  6 ice devils
  A bunyip simulacrum (Coc:1)
  2 hydra zombies (Swamp:4)
  19 yaktaurs
  3 ancient zymes
  2 queen bees
  8 trolls
  A polar bear (shapeshifter) (D:10)
  9 red devils
  A silent spectre (Tar:2)
  A golden dragon simulacrum (Coc:7)
  A polar bear (Lair:2)
  4 spectral harpies
  A yaktaur skeleton (Vaults:3)
  13 tyrant leeches
  3 harpy zombies
  2 bloated husks
  3 hydra skeletons
  22 hellwings
  An alligator simulacrum (Coc:1)
  8 raiju (Abyss:1)
  23 hornets
  A raiju (shapeshifter) (Elf:1)
  9 blink frogs
  A deep troll zombie (Vaults:2)
  A fire giant simulacrum (Depths:1)
  3 glass eyes
  31 tarantellas
  A tarantella (shapeshifter) (Vaults:2)
  16 dream sheep
  4 spriggan zombies
  2 ettin zombies
  A draconian simulacrum (Crypt:3)
  37 jumping spiders
  2 culicivora zombies (Crypt:2)
  2 stone giant simulacra
  A harpy skeleton (Tomb:2)
  3 centaur simulacra
  119 slime creatures
  An ice dragon skeleton (Crypt:2)
  A spriggan (shapeshifter) (D:13)
  4 air elementals
  33 yaks
  A vampire (D:10)
  24 ynoxinuls
  7 wyverns
  23 wraiths
  A fire bat (Abyss:1)
  6 shadows
  2 dire elephant simulacra
  29 culicivoras
  4 water elementals
  An alligator snapping turtle simulacrum (Coc:2)
  A human (Lair:4)
  17 ushabtiu
  3 naga simulacra
  5 steam dragons
  18 basilisks
  Grum (D:8)
  3 hogs (Lair:4)
  11 vampire mosquitoes
  29 neqoxecs
  4 fire elementals
  13 golden eyes
  3 wargs
  56 redbacks
  A glowing shapeshifter zombie (Crypt:2)
  A minotaur simulacrum (Coc:2)
  20 chaos spawn
  4 hydra simulacra
  20 harpy simulacra
  17 swamp worms
  21 water moccasins
  3 naga skeletons
  A glowing shapeshifter skeleton (Vaults:2)
  2 acid dragons
  A swamp drake (shapeshifter) (Depths:2)
  4 sky beasts
  5 hell hounds (Lair:5)
  6 swamp drakes
  3 ettin simulacra (Coc:4)
  13 orc warriors
  A swamp dragon zombie (Swamp:4)
  29 laughing skulls
  2 black bears
  25 wolves
  An elephant zombie (Crypt:1)
  A black mamba simulacrum (Hell)
  28 ogres
  15 small abominations
  9 centaurs
  2 human skeletons
  A phantom (D:4)
  3 weeping skulls
  2 elf zombies
  3 kobold brigands
  6 brain worms (Pan)
  5 scorpions
  7 water moccasin zombies (Ossuary)
  10 bullfrogs
  5 earth elementals
  5 necrophages
  2 draconian skeletons
  A gnoll sergeant (D:5)
  A wight (D:8)
  4 burial acolytes (Crypt:3)
  47 killer bees
  A troll skeleton (D:10)
  9 howler monkeys
  10 spriggan skeletons
  6 crimson imps
  3 lava snakes (Lair:4)
  5 quasits (Abyss:1)
  12 orc priests
  A bombardier beetle (D:6)
  8 jellies
  A gnoll bouda (D:5)
  2 hounds
  A sleepcap (D:8)
  Ijyb (D:5)
  5 iguanas
  18 orc wizards
  A boggart skeleton (Crypt:2)
  A crocodile zombie (Ossuary)
  2 bullfrog simulacra (Ossuary)
  A boggart simulacrum (D:12)
  35 mummies
  Robin (D:4)
  12 gnolls
  3 adders
  2 river rats (Lair:3)
  4 swamp drake zombies (Swamp:4)
  2 swamp drake skeletons (Swamp:4)
  3 white imps
  7 ufetubi (Abyss:1)
  3 adder zombies
  An adder skeleton (D:2)
  3 ribbon worms
  91 orcs
  10 bats
  A bat skeleton (D:2)
  14 endoplasms
  3 giant cockroaches
  4 gnoll zombies (Ossuary)
  13 goblins
  9 hobgoblins
  3 jackals (D:3)
  4 quokkas
  5 ball pythons
  A ball python skeleton (D:2)
  A ball python zombie (D:2)
  4 frilled lizards
  9 jackal zombies
  18 kobolds
  4 orc zombies (Ossuary)
  2 quokka skeletons (D:2)
  A quokka zombie (D:2)
  A rat (D:2)
  An aspiring flesh (Pan)
  A ball lightning (Pan)
  5 creeping infernos
  16 fire vortices
  4 spectral weapons
  12 starspawn tentacles
4721 creatures vanquished.

Vanquished Creatures (others)
  A dread lich (Geh:2)
  An Ice Fiend (Coc:7)
  A searing wretch (Geh:6)
  An eldritch tentacle (Pan)
  A shadow dragon (Vaults:5)
  4 fire giants
  4 balrugs
  2 stone giants (Vaults:5)
  An eleionoma (Swamp:4)
  A putrid mouth (Tar:5)
  An elemental wellspring (Coc:7)
  A black draconian (Zot:3)
  A wendigo (Coc:2)
  3 green deaths (Pan)
  A rakshasa (Pan)
  A vault guard (Vaults:5)
  5 juggernaut simulacra
  5 caustic shrike simulacra
  A stoker (Geh:4)
  A soul eater (Hell)
  A spriggan (Swamp:1)
  2 sun demons
  A deep elf knight (Elf:3)
  A spriggan druid (Swamp:3)
  A sixfirhy (Zot:5)
  A quicksilver dragon simulacrum (Coc:7)
  A spriggan simulacrum (Coc:2)
  A necromancer (Vaults:3)
  A deep elf zephyrmancer (Elf:1)
  2 smoke demons
  2 iron giant simulacra
  2 anaconda simulacra
  A tormentor (Geh:4)
  3 bloated husks
  A hornet (Swamp:1)
  2 stone giant simulacra (Coc:2)
  A centaur simulacrum (Coc:2)
  A dire elephant simulacrum (Coc:2)
  A ynoxinul (Pan)
  3 harpy simulacra
  A hydra simulacrum (Coc:5)
  An ogre (Orc:1)
  An ettin simulacrum (Coc:2)
  A human (D:5)
  A naga simulacrum (Coc:7)
  A water moccasin zombie (Ossuary)
  A kobold (D:7)
  6 ball lightnings (Pan)
  2 creeping infernos (Geh:6)
  A fire vortex (Geh:7)
  6 foxfires
  A lurking horror (Abyss:1)
  21 starspawn tentacles
110 creatures vanquished.

Grand Total: 4831 creatures vanquished

Table legend:
 A = Non-vault XP
 B = Vault XP
 C = Vault XP percentage of total XP
 D = Non-vault monster count
 E = Vault monster count
 F = Vault count percentage of total count
                 A         B        C        D         E       F
            +---------+---------+-------+---------+---------+-------
      Total | 2020869 | 1675260 |  45.3 |    2867 |    1783 |  38.3
            +---------+---------+-------+---------+---------+-------
        D:1 |      22 |       1 |   4.3 |      13 |       1 |   7.1
        D:2 |     113 |      19 |  14.4 |      27 |       9 |  25.0
        D:3 |      77 |       0 |   0.0 |      18 |       0 |   0.0
        D:4 |     446 |      35 |   7.3 |      21 |      12 |  36.4
        D:5 |     820 |      36 |   4.2 |      19 |       1 |   5.0
        D:6 |     867 |       0 |   0.0 |      21 |       0 |   0.0
        D:7 |    1245 |     242 |  16.3 |      20 |       5 |  20.0
        D:8 |     898 |    2778 |  75.6 |      23 |      12 |  34.3
        D:9 |    2473 |    2033 |  45.1 |      18 |      56 |  75.7
       D:10 |    3346 |    5887 |  63.8 |      15 |      18 |  54.5
       D:11 |    4155 |     372 |   8.2 |      12 |       4 |  25.0
       D:12 |    5452 |       0 |   0.0 |      16 |       0 |   0.0
       D:13 |    6885 |   10952 |  61.4 |      11 |      21 |  65.6
       D:14 |   10719 |    5751 |  34.9 |      19 |      10 |  34.5
       D:15 |    8916 |    3130 |  26.0 |      30 |       5 |  14.3
     Lair:1 |    2230 |    1453 |  39.5 |       9 |       5 |  35.7
     Lair:2 |    6952 |    1202 |  14.7 |      17 |       4 |  19.0
     Lair:3 |    8298 |   11109 |  57.2 |      32 |      60 |  65.2
     Lair:4 |    4848 |    6378 |  56.8 |      14 |      24 |  63.2
     Lair:5 |   14909 |   11751 |  44.1 |      50 |      38 |  43.2
    Swamp:1 |   15131 |       0 |   0.0 |      32 |       0 |   0.0
    Swamp:2 |   18217 |    1660 |   8.4 |      41 |       1 |   2.4
    Swamp:3 |   13169 |       0 |   0.0 |      24 |       0 |   0.0
    Swamp:4 |   15509 |   25311 |  62.0 |      24 |      43 |  64.2
   Spider:1 |   20204 |       0 |   0.0 |      52 |       0 |   0.0
   Spider:2 |    5076 |    4173 |  45.1 |      14 |      15 |  51.7
   Spider:3 |   18687 |       0 |   0.0 |      44 |       0 |   0.0
   Spider:4 |   30522 |   23900 |  43.9 |      84 |      34 |  28.8
    Slime:1 |   11621 |       0 |   0.0 |      16 |       0 |   0.0
    Slime:2 |   17421 |       0 |   0.0 |      29 |       0 |   0.0
    Slime:3 |    5681 |       0 |   0.0 |      21 |       0 |   0.0
    Slime:4 |   15070 |       0 |   0.0 |      48 |       0 |   0.0
    Slime:5 |   22971 |   18749 |  44.9 |      37 |      11 |  22.9
      Orc:1 |    4213 |       0 |   0.0 |      30 |       0 |   0.0
      Orc:2 |    2369 |   18198 |  88.5 |      25 |      40 |  61.5
      Elf:1 |   21132 |   12496 |  37.2 |      36 |      18 |  33.3
      Elf:2 |   20152 |   24894 |  55.3 |      34 |      33 |  49.3
      Elf:3 |   17668 |   36028 |  67.1 |      30 |      32 |  51.6
   Vaults:1 |   41926 |   20384 |  32.7 |      58 |      25 |  30.1
   Vaults:2 |   14127 |   21505 |  60.4 |      26 |      26 |  50.0
   Vaults:3 |    5624 |   22678 |  80.1 |      12 |      29 |  70.7
   Vaults:4 |   23353 |   30252 |  56.4 |      31 |      39 |  55.7
   Vaults:5 |   18957 |   86910 |  82.1 |      23 |      87 |  79.1
    Crypt:1 |   29578 |       0 |   0.0 |      54 |       0 |   0.0
    Crypt:2 |   32900 |    3620 |   9.9 |      52 |       4 |   7.1
    Crypt:3 |       0 |   58353 | 100.0 |       0 |      92 | 100.0
     Tomb:1 |    8028 |   93901 |  92.1 |      16 |      54 |  77.1
     Tomb:2 |   18835 |   68108 |  78.3 |      34 |      91 |  72.8
     Tomb:3 |   17622 |   60614 |  77.5 |      30 |      59 |  66.3
   Depths:1 |   42496 |   13413 |  24.0 |      56 |      17 |  23.3
   Depths:2 |   35704 |   30408 |  46.0 |      44 |      24 |  35.3
   Depths:3 |   33211 |   17230 |  34.2 |      29 |      12 |  29.3
   Depths:4 |   57714 |   21044 |  26.7 |      66 |      15 |  18.5
       Hell |   22159 |   28042 |  55.9 |      33 |      42 |  56.0
      Dis:1 |    3905 |       0 |   0.0 |       3 |       0 |   0.0
      Dis:2 |   32405 |       0 |   0.0 |      17 |       0 |   0.0
      Dis:3 |   15015 |       0 |   0.0 |       9 |       0 |   0.0
      Dis:4 |   26732 |   26645 |  49.9 |      18 |      28 |  60.9
      Dis:5 |   47264 |       0 |   0.0 |      20 |       0 |   0.0
      Dis:6 |   24641 |       0 |   0.0 |      15 |       0 |   0.0
      Dis:7 |       0 |  151773 | 100.0 |       0 |     100 | 100.0
      Geh:1 |   16381 |       0 |   0.0 |      19 |       0 |   0.0
      Geh:2 |   22058 |       0 |   0.0 |      22 |       0 |   0.0
      Geh:3 |    5954 |       0 |   0.0 |       4 |       0 |   0.0
      Geh:4 |   13727 |       0 |   0.0 |      11 |       0 |   0.0
      Geh:5 |   12044 |       0 |   0.0 |      12 |       0 |   0.0
      Geh:6 |   14416 |       0 |   0.0 |      12 |       0 |   0.0
      Geh:7 |   21385 |   80580 |  79.0 |      20 |      43 |  68.3
      Coc:1 |    9673 |       0 |   0.0 |      16 |       0 |   0.0
      Coc:2 |   17143 |       0 |   0.0 |      21 |       0 |   0.0
      Coc:3 |   17443 |       0 |   0.0 |      16 |       0 |   0.0
      Coc:4 |   19167 |       0 |   0.0 |      23 |       0 |   0.0
      Coc:5 |   24655 |       0 |   0.0 |      24 |       0 |   0.0
      Coc:6 |   11084 |       0 |   0.0 |      16 |       0 |   0.0
      Coc:7 |   31050 |   60594 |  66.1 |      36 |      42 |  53.8
      Tar:1 |       0 |   25828 | 100.0 |       0 |      19 | 100.0
      Tar:2 |   21589 |       0 |   0.0 |      14 |       0 |   0.0
      Tar:3 |   10482 |       0 |   0.0 |       7 |       0 |   0.0
      Tar:4 |   27900 |       0 |   0.0 |      21 |       0 |   0.0
      Tar:5 |   24034 |       0 |   0.0 |      18 |       0 |   0.0
      Tar:6 |   23706 |       0 |   0.0 |      15 |       0 |   0.0
      Tar:7 |   38317 |  127777 |  76.9 |      27 |      80 |  74.8
      Zot:1 |   46505 |       0 |   0.0 |      38 |       0 |   0.0
      Zot:2 |   51137 |       0 |   0.0 |      37 |       0 |   0.0
      Zot:3 |   51449 |   12346 |  19.4 |      43 |      13 |  23.2
      Zot:4 |   58376 |    8566 |  12.8 |      40 |       5 |  11.1
      Zot:5 |   36650 |  106241 |  74.4 |      31 |      41 |  56.9
    Abyss:1 |   61190 |       0 |   0.0 |     112 |       0 |   0.0
    Abyss:3 |   10803 |    9477 |  46.7 |      29 |      13 |  31.0
        Pan |  411871 |  259560 |  38.7 |     511 |     239 |  31.9
    Ossuary |       0 |     873 | 100.0 |       0 |      32 | 100.0
            +---------+---------+-------+---------+---------+-------

Skill      XL: |  1  2  3  4  5  6  7  8  9 10 11 12 13 14 15 16 17 18 19 20 21 22 23 24 25 26 27 |
---------------+----------------------------------------------------------------------------------+-----
Axes           | 3 4 5 6 7 8 9 10 12 13 16 18 | 18.0
Fighting       | 4 5 6 7 8 9 11 12 13 14 15 17 18 19 27 | 27.0
Armour         | 4 6 7 8 10 11 12 13 14 15 16 18 20 22 27 | 27.0
Dodging        | 1 2 4 5 7 8 9 10 11 12 14 15 16 17 18 27 | 27.0
Shields        | 4 5 7 8 9 11 12 14 16 27 | 27.0
Invocations    | 3 4 6 7 8 12 14 | 14.0
Throwing       | 2 4 6 8 11 16 | 16.0
Shapeshifting  | 4 7 11 14 17 19 21 23 | 23.0
Translocations | 4 8 10 11 15 | 15.0
Air Magic      | 2 6 8 15 | 15.0
Evocations     | 24 | 24.8
Stealth        | 18 | 18.4

Action                     |  1- 3 |  4- 6 |  7- 9 | 10-12 | 13-15 | 16-18 | 19-21 | 22-24 | 25-27 || total
---------------------------+-------+-------+-------+-------+-------+-------+-------+-------+-------++-------
  Melee: War axe           |    60 |   145 |   355 |   565 |   322 |       |       |       |       ||  1447
         Headbutt          |     8 |    20 |    70 |   122 |   196 |   221 |   310 |   441 |  2442 ||  3830
         Morningstar       |       |       |       |     6 |    14 |       |       |       |       ||    20
         Unarmed           |       |       |       |     4 |       |       |       |       |       ||     4
         Battleaxe         |       |       |       |       |   500 |   880 |  1164 |   179 |       ||  2723
         Broad axe         |       |       |       |       |       |       |       |  1200 |  6790 ||  7990
  Throw: Javelin           |       |       |       |       |       |    53 |    13 |    14 |    25 ||   105
   Cast: Vhi's Electric Ch |       |       |       |       |       |       |       |       |    37 ||    37
         Apportation       |       |       |       |       |       |       |       |       |     4 ||     4
         Manifold Assault  |       |       |       |       |       |       |       |       |     1 ||     1
 Invoke: Heroism           |       |       |       |     9 |     9 |    14 |     9 |    10 |    10 ||    61
         Finesse           |       |       |       |     2 |     2 |     7 |     6 |     7 |    16 ||    40
         Receive Weapon    |       |       |       |       |     1 |       |       |       |       ||     1
         Receive Armour    |       |       |       |       |     1 |       |       |       |       ||     1
Ability: Siphon Essence    |       |       |       |       |       |       |       |     2 |       ||     2
  Evoke: Wand              |       |       |       |     1 |       |     1 |     2 |       |    18 ||    22
         Phial of floods   |       |       |       |       |       |       |       |       |     1 ||     1
    Use: Scroll            |       |     9 |     4 |     7 |     9 |     8 |     2 |    19 |    20 ||    78
         Potion            |       |       |       |     4 |     2 |     1 |     3 |     5 |       ||    15
   Stab: Invisible         |       |       |       |       |    16 |    36 |    54 |    29 |   102 ||   237
         Distracted        |       |       |       |       |       |       |     1 |       |     1 ||     2
         Sleeping          |       |       |       |       |       |       |       |       |     1 ||     1
 Armour: Scale mail        |    43 |    82 |    82 |       |       |       |       |       |       ||   207
         Plate armour      |       |       |   137 |   326 |   340 |       |       |       |       ||   803
         Skin              |       |       |       |     9 |       |       |       |       |       ||     9
         Chain mail        |       |       |       |       |   158 |   545 |   610 |   158 |       ||  1471
         Gold dragon scale |       |       |       |       |       |       |       |   524 |  2612 ||  3136
  Dodge: Dodged            |    25 |    52 |   112 |   150 |   553 |   981 |   896 |   599 |  3074 ||  6442
  Block: Buckler           |    13 |    55 |   149 |   274 |   191 |       |       |   407 |       ||  1089
         Reflection        |       |       |     5 |    10 |     4 |     3 |    22 |    11 |       ||    55
         Other             |       |       |       |     2 |    39 |   152 |   174 |    35 |       ||   402
         Kite shield       |       |       |       |       |       |       |       |    89 |  5000 ||  5089
   Form: Death             |       |       |       |       |       |       |       |     2 |       ||     2
                           |       |       |       |       |       |       |       |     1 |       ||     1

Illustrated notes

Table legend:
 A = Kills in this place as a percentage of kills in the entire game.
 B = Kills by you in this place as a percentage of kills by you in the entire game.
 C = Kills by friends in this place as a percentage of kills by friends in the entire game.
 D = Other kills in this place as a percentage of other kills in the entire game.
 E = Experience gained in this place as a percentage of experience gained in the entire game.
 F = Experience gained in this place divided by the number of levels of this place that you have seen.
                   A       B       C       D       E      F
               +-------+-------+-------+-------+-------+----------------------
         Total | 100.0 | 100.0 |   N/A | 100.0 | 100.0 | 34603.2
       Dungeon |   9.4 |   9.5 |   N/A |   0.0 |   2.2 | 5394.8
          Lair |   5.4 |   5.4 |   N/A |   0.0 |   1.8 | 13826.0
         Swamp |   3.5 |   3.4 |   N/A |  12.2 |   2.4 | 22249.2
   Spider Nest |   5.2 |   5.2 |   N/A |   0.0 |   2.7 | 25640.5
    Slime Pits |   3.5 |   3.5 |   N/A |   0.0 |   2.4 | 18302.6
  Orcish Mines |   2.0 |   2.0 |   N/A |   2.4 |   0.7 | 12390.0
   Elven Halls |   3.9 |   3.9 |   N/A |   4.9 |   3.5 | 44123.3
        Vaults |   7.6 |   7.6 |   N/A |  12.2 |   7.6 | 57143.2
         Crypt |   4.3 |   4.3 |   N/A |   0.0 |   3.3 | 41483.7
          Tomb |   6.1 |   6.1 |   N/A |   0.0 |   7.1 | 89036.0
        Depths |   5.7 |   5.7 |   N/A |   4.9 |   6.9 | 64898.5
          Hell |   1.6 |   1.6 |   N/A |   4.9 |   1.3 | 50201.0
           Dis |   4.5 |   4.5 |   N/A |   0.0 |   8.8 | 46911.4
       Gehenna |   3.1 |   2.9 |   N/A |  14.6 |   5.0 | 26649.3
       Cocytus |   4.1 |   4.0 |   N/A |  19.5 |   5.1 | 27258.4
      Tartarus |   4.3 |   4.3 |   N/A |   2.4 |   8.0 | 42804.7
           Zot |   5.9 |   5.9 |   N/A |   4.9 |  10.7 | 80133.2
         Abyss |   3.3 |   3.3 |   N/A |   0.0 |   2.2 | 27156.7
   Pandemonium |  16.0 |  16.0 |   N/A |  14.6 |  18.0 | 44762.1
       Ossuary |   0.7 |   0.7 |   N/A |   2.4 |   0.0 | 873.0
               +-------+-------+-------+-------+-------+----------------------

Table legend: (Time is in decaauts)
 A = Elapsed time spent in this place.
 B = Non-inter-level travel time spent in this place.
 C = Inter-level travel time spent in this place.
 D = Time resting spent in this place.
 E = Time spent auto-exploring this place.
 F = Levels seen in this place.
 G = Mean time per level.
                   A        B        C        D        E       F      G
               +--------+--------+--------+--------+--------+-----+--------+
         Total | 121469 | 110892 |  10577 |  17756 |  68183 | 108 | 1124.7 |
       Dungeon |  20080 |  16360 |   3720 |   1516 |  12426 |  15 | 1338.7 |
        Temple |      1 |      1 |      0 |      0 |      0 |   1 |    1.0 |
          Lair |   7864 |   6949 |    915 |   1064 |   4301 |   5 | 1572.8 |
         Swamp |   5245 |   5033 |    212 |   1722 |   2370 |   4 | 1311.2 |
   Spider Nest |   5689 |   5188 |    501 |    458 |   3813 |   4 | 1422.2 |
    Slime Pits |   3655 |   3554 |    101 |   1055 |   1667 |   5 |  731.0 |
  Orcish Mines |   1415 |   1011 |    404 |      0 |    805 |   2 |  707.5 |
   Elven Halls |   6767 |   6290 |    477 |   2326 |   2742 |   3 | 2255.7 |
        Vaults |  10607 |   9305 |   1302 |    480 |   7364 |   5 | 2121.4 |
         Crypt |   3789 |   3313 |    476 |     27 |   2653 |   3 | 1263.0 |
          Tomb |   4440 |   4115 |    325 |    735 |   2037 |   3 | 1480.0 |
        Depths |   9719 |   8895 |    824 |   3004 |   4230 |   4 | 2429.8 |
          Hell |    936 |    870 |     66 |    121 |    416 |   1 |  936.0 |
           Dis |   5232 |   5086 |    146 |    642 |   3397 |   7 |  747.4 |
       Gehenna |   3819 |   3589 |    230 |    516 |   2373 |   7 |  545.6 |
       Cocytus |   3809 |   3558 |    251 |    271 |   2620 |   7 |  544.1 |
      Tartarus |   4154 |   4017 |    137 |    577 |   2374 |   7 |  593.4 |
           Zot |   7044 |   6562 |    482 |   1009 |   3880 |   5 | 1408.8 |
         Abyss |   1532 |   1532 |      0 |    187 |     51 |   3 |  510.7 |
   Pandemonium |  15135 |  15135 |      0 |   1928 |   8402 |  15 | 1009.0 |
        Bazaar |     63 |     63 |      0 |      0 |     48 |   1 |   63.0 |
       Ossuary |    463 |    463 |      0 |    114 |    213 |   1 |  463.0 |
               +--------+--------+--------+--------+--------+-----+--------+

Top non-repeatable levels by time:
Depths:2: 2942 daAuts
Vaults:1: 2732 daAuts
Depths:3: 2640 daAuts
   Dis:7: 2577 daAuts
Spider:3: 2574 daAuts
  Tomb:1: 2454 daAuts
   Elf:2: 2448 daAuts
   Elf:3: 2400 daAuts
    D:13: 2318 daAuts
  Lair:5: 2250 daAuts
Vaults:3: 2206 daAuts
Depths:1: 2182 daAuts
  Lair:3: 2101 daAuts
Vaults:2: 2041 daAuts
   Tar:7: 2011 daAuts
